Workbook

Sheet Planilha Orçamentária (2)
A1: PREFEITURA MUNICIPAL Secretaria de Obras e Serviços Urbanos
A4: OBRA POR EXECUÇÃO INDIRETA
A5: Setor requisitante: Secretaria de Desenvolvimento Econômico e Social
A6: Objeto: | B6: Reforma do Conselho Tutelar dos Direitos da Criança e do Adolescente de Nova Era/MG | F6: BDI: | G6: 0.3141 | H6: 43714
A8: ANEXO IX - PLANILHA ORÇAMENTÁRIA
A9: Item | B9: Preço Referência | C9: Descrição | D9: Qtde. | E9: Unidade | F9: Preço unitário sem BDI | G9: Preço unitário com BDI | H9: P. Total
A10: 1 | C10: MOBILIZAÇÃO E DESMOBILIZAÇÃO
A11: 1.1 | B11: MOB-DES-020 | C11: Mobilização e desmobilização de obra - para obras até o valor de R$1.000.000,00 - 1,5% do custo direto da obra | D11: 1 | E11: vb | G11: =(F11+(F11*G6)) -> 0 | H11: =G11*D11 -> 0
A12: SUB-TOTAL: | H12: =SUM(H11) -> 0
A13: 2. | C13: CANTEIRO DE OBRAS
A14: 2.1 | B14: IIO-SAN-005 | C14: Banheiro químico 110 X 120 X 230 cm com manutenção | D14: ='Memória de Cálculo'!J18 -> 3 | E14: mês | G14: =(F14+(F14*G6)) -> 0 | H14: =G14*D14 -> 0
A15: 2.2 | B15: SIN-74209/001 | C15: Placa de obra em chapa de aço galvanizado - 3,00 x 1,50m, conforme modelo da Prefeitura | D15: ='Memória de Cálculo'!J22 -> 4.5 | E15: m2 | G15: =(F15+(F15*G6)) -> 0 | H15: =G15*D15 -> 0
A16: SUB-TOTAL: | H16: =SUM(H14:H15) -> 0
A17: 3. | C17: SERVIÇOS PRELIMINARES
A18: 3.1 | B18: DEM-CON-020 | C18: Demolição de concreto armado, com equipamento elétrico, inclusive afastamento | D18: ='Memória de Cálculo'!J28 -> 0.3358 | E18: m3 | G18: =(F18+(F18*G6)) -> 0 | H18: =G18*D18 -> 0
A19: 3.2 | B19: DEM-CON-015 | C19: Demolição de concreto simples, com equipamento elétrico, inclusive afastamento | D19: ='Memória de Cálculo'!J34 -> 8.39258 | E19: m3 | G19: =(F19+(F19*G6)) -> 0 | H19: =G19*D19 -> 0
A20: 3.3 | B20: DEM-PIS-010 | C20: Demolição de piso cerâmico ou ladrilho hidráulico, inclusive afastamento | D20: ='Memória de Cálculo'!J39 -> 0.98518 | E20: m2 | G20: =(F20+(F20*G6)) -> 0 | H20: =G20*D20 -> 0
A21: 3.4 | B21: DEM-REV-005 | C21: Demolição de reboco inclusive afastamento | D21: ='Memória de Cálculo'!J45 -> 3.8855 | E21: m2 | G21: =(F21+(F21*G6)) -> 0 | H21: =G21*D21 -> 0
A22: 3.5 | B22: DEM-REV-010 | C22: Demolição de revestimento cerâmico, azulejo ou ladrilho hidráulico inclusive afastamento | D22: ='Memória de Cálculo'!J49 -> 0.9624 | E22: m2 | G22: =(F22+(F22*G6)) -> 0 | H22: =G22*D22 -> 0
A23: 3.6 | B23: DEM-ROD-005 | C23: Demolição de rodapé em geral, inclusive argamassa de assentamento e afastamento | D23: ='Memória de Cálculo'!J55 -> 22.3211 | E23: m | G23: =(F23+(F23*G6)) -> 0 | H23: =G23*D23 -> 0
A24: 3.7 | B24: DEM-CER-005 | C24: Remoção de cerca e portão, inclusive afastamento | D24: ='Memória de Cálculo'!J60 -> 56.129405 | E24: m2 | G24: =(F24+(F24*G6)) -> 0 | H24: =G24*D24 -> 0
A25: 3.8 | B25: DEM-DIV-010 | C25: Remoção de divisória de madeira, inclusive afastamento | D25: ='Memória de Cálculo'!J64 -> 7.3217 | E25: m2 | G25: =(F25+(F25*G6)) -> 0 | H25: =G25*D25 -> 0
A26: 3.9 | B26: DEM-LOU-005 | C26: Remoção de louças (lavatório, banheira, pia, vaso sanitário, tanque) | D26: ='Memória de Cálculo'!J69 -> 2 | E26: unid | G26: =(F26+(F26*G6)) -> 0 | H26: =G26*D26 -> 0
A27: 3.10 | B27: DEM-MET-005 | C27: Remoção de metais comuns (conduíte, sifão, registro, torneiras) | D27: ='Memória de Cálculo'!J73 -> 1 | E27: unid | G27: =(F27+(F27*G6)) -> 0 | H27: =G27*D27 -> 0
A28: 3.11 | B28: DEM-MET-010 | C28: Remoção de metais especiais (válvula de descarga, caixa silenciosa) | D28: ='Memória de Cálculo'!J77 -> 1 | E28: unid | G28: =(F28+(F28*G6)) -> 0 | H28: =G28*D28 -> 0
A29: SUB-TOTAL: | H29: =SUM(H18:H28) -> 0
A30: 4. | C30: SERVIÇOS DIVERSOS
A31: 4.1 | B31: COTAÇÃO | C31: Armário em MDF, dimensões de 179,8x53,8x79,4 (extensão x largura x altura), na cor branco, 2 portas de abrir, com 4 gavetas, inclusive fornecimento e assentamento, conforme Projeto Arquitetônico | D31: ='Memória de Cálculo'!J82 -> 1 | E31: unid | G31: =(F31+(F31*G6)) -> 0 | H31: =G31*D31 -> 0
A32: 4.2 | B32: BAN-GRA-005 | C32: Bancada em granito verde Bahia, espessura 3 cm, apoiada em barras de matalon, inclusive fornecimento e assentamento, conforme Projeto Arquitetônico | D32: ='Memória de Cálculo'!J89 -> 3.3684 | E32: m2 | G32: =(F32+(F32*G6)) -> 0 | H32: =G32*D32 -> 0
A33: 4.3 | B33: COMPOSIÇÃO | C33: Banco em alvenaria de blocos de concreto e = 0,19, cheios em concreto Fck ≥ 15 Mpa, dimensões 243 x 42 x 63cm (comprimento x altura x largura), incluindo almofada com espuma densidade 33. (Para sala 01) | D33: ='Memória de Cálculo'!J93 -> 1 | E33: unid | G33: =(F33+(F33*G6)) -> 0 | H33: =G33*D33 -> 0
A34: 4.4 | B34: COMPOSIÇÃO | C34: Banco em alvenaria de blocos de concreto e = 0,19, cheios em concreto Fck ≥ 15 Mpa, formato em L, inclusive granito verde Bahia e=3cm (Para sala de espera) | D34: ='Memória de Cálculo'!J97 -> 1 | E34: unid | G34: =(F34+(F34*G5)) -> 0 | H34: =G34*D34 -> 0
A35: 4.5 | B35: ARM-AÇO-020 | C35: Corte, dobra e montagem de aço CA-50/60 | D35: ='Memória de Cálculo'!J101 -> 72 | E35: kg | G35: =(F35+(F35*G6)) -> 0 | H35: =G35*D35 -> 0
A36: 4.6 | B36: EST-FOR-005 | C36: Formas planas de madeira de pínus (execução, incluindo desforma, fornecimento e transporte de todos os materiais), com reaproveitamento 3x | D36: ='Memória de Cálculo'!J109 -> 15.36935 | E36: m2 | G36: =(F36+(F36*G6)) -> 0 | H36: =G36*D36 -> 0
A37: 4.7 | B37: EST-CON-035 | C37: Fornecimento de concreto estrutural, preparado em obra, com fck 25 Mpa, inclusive lançamento, adensamento e acabamento | D37: ='Memória de Cálculo'!J116 -> 2.4094137 | E37: m3 | G37: =(F37+(F37*G6)) -> 0 | H37: =G37*D37 -> 0
A38: 4.8 | B38: VID-ESP-010 | C38: Espelho com moldura em alumínio para PNE (60x90)cm | D38: ='Memória de Cálculo'!J120 -> 1 | E38: unid | G38: =(F38+(F38*G6)) -> 0 | H38: =G38*D38 -> 0
A39: 4.9 | B39: COMPOSIÇÃO | C39: Instalação de régua de 10 x 1,7 cm (peroba rosa ou paraju) canto boleado, inclusive aplicação de verniz, fornecimento e assentamento. | D39: ='Memória de Cálculo'!J124 -> 17.144 | E39: m | G39: =(F39+(F39*G6)) -> 0 | H39: =G39*D39 -> 0
A40: 4.10 | B40: PEI-GRA-005 | C40: Peitoril de granito verde Bahia e = 2 cm, inclusive fornecimento e assentamento | D40: ='Memória de Cálculo'!J128 -> 0.192 | E40: m2 | G40: =(F40+(F40*G6)) -> 0 | H40: =G40*D40 -> 0
A41: 4.11 | B41: BAN-ROD-005 | C41: Rodabancada em granito verde Bahia, h = 7 cm e = 3 cm, conforme Projeto Arquitetônico | D41: ='Memória de Cálculo'!J135 -> 8.691 | E41: m | G41: =(F41+(F41*G6)) -> 0 | H41: =G41*D41 -> 0
A42: 4.12 | B42: BAN-TES-005 | C42: Testeira em granito verde Bahia, h = 7 cm e = 3 cm, conforme Projeto Arquitetônico | D42: ='Memória de Cálculo'!J142 -> 9.05 | E42: m | G42: =(F42+(F42*G6)) -> 0 | H42: =G42*D42 -> 0
A43: 4.13 | B43: TRA-CAÇ-015 | C43: Transporte de material demolido em caçamba de 5 m3 | D43: ='Memória de Cálculo'!J151 -> 13.293627 | E43: m3 | G43: =(F43+(F43*G6)) -> 0 | H43: =G43*D43 -> 0
A44: SUB-TOTAL: | H44: =SUM(H31:H43) -> 0
A45: 5. | C45: ALVENARIA E REVESTIMENTOS
A46: 5.1 | B46: ALV-TIJ-035 | C46: Alvenaria de vedação com tijolo cerâmico furado, esp. 19cm, para revestimento, inclusive argamassa para assentamento | D46: ='Memória de Cálculo'!J158 -> 21.358109 | E46: m2 | G46: =(F46+(F46*G6)) -> 0 | H46: =G46*D46 -> 0
A47: 5.2 | B47: SIN-87878 | C47: Chapisco aplicado em alvenaria e estruturas de concreto, com colher de pedreiro, argamassa traço 1:3 de cimento e areia, preparo manual | D47: ='Memória de Cálculo'!J167 -> 30.960499 | E47: m2 | G47: =(F47+(F47*G6)) -> 0 | H47: =G47*D47 -> 0
A48: 5.3 | B48: SIN-87529 | C48: Reboco para recebimento de pintura, em argamassa traço 1:2:8, preparo mecânico com betoneira 400l, aplicada manualmente em faces internas de paredes, espessura de 20 a 30mm, com execução de taliscas | D48: ='Memória de Cálculo'!J177 -> 37.686469 | E48: m2 | G48: =(F48+(F48*G6)) -> 0 | H48: =G48*D48 -> 0
A49: 5.4 | B49: SIN 99198 | C49: Revestimento cerâmico para paredes internas e externas, dimensão da peça de 100 a 1250 cm² (20x5cm a 50x25cm), revestimento tipo Pierini ou similar, com acabamento rústico ou esmaltado, argamassa industrializada, aplicadas em ambientes de área maior que 5 m² a meia altura das paredes, inclusive apicoamento da camada de recebimento e rejuntamento. | D49: ='Memória de Cálculo'!J183 -> 75.848616 | E49: m2 | G49: =(F49+(F49*G6)) -> 0 | H49: =G49*D49 -> 0
A50: 5.5 | B50: ROD-CER-005 | C50: Rodapé com revestimento em cerâmica esmaltada comercial, altura 7cm, PEI IV, assentamento com argamassa industrializada, inclusive rejuntamento. | D50: ='Memória de Cálculo'!J189 -> 26.582 | E50: m | G50: =(F50+(F50*G6)) -> 0 | H50: =G50*D50 -> 0
A51: SUB-TOTAL: | H51: =SUM(H46:H50) -> 0
A52: 6. | C52: REFORMA DE TELHADO
A53: 6.1 | B53: COB-CUM-005 | C53: Colocação de cumeeira cerâmica, 3 unid/m, inclusive utilização de pigmento em pó Xadrez ou similar | D53: ='Memória de Cálculo'!J195 -> 11.9985 | E53: m | G53: =(F53+(F53*G6)) -> 0 | H53: =G53*D53 -> 0
A54: 6.2 | B54: COB-ENG-005 | C54: Engradamento para telhas cerâmicas ou concreto em madeira Paraju | E54: m2 | G54: =(F54+(F54*G6)) -> 0 | H54: =G54*D54 -> 0
A55: 6.3 | B55: LIM-CAL-005 | C55: Limpeza (desobstrução) de condutores e calhas | D55: ='Memória de Cálculo'!J204 -> 48.4738 | E55: m | G55: =(F55+(F55*G6)) -> 0 | H55: =G55*D55 -> 0
A56: 6.4 | B56: COMPOSIÇÃO | C56: Manutenção de telhado colonial, incluindo fornecimento e substituição de telhas quebradas, com utilização de pigmento em pó Xadrez ou similar | D56: ='Memória de Cálculo'!J209 -> 87.4659 | E56: m2 | G56: =(F56+(F56*G6)) -> 0 | H56: =G56*D56 -> 0
A57: SUB-TOTAL: | H57: =SUM(H53:H56) -> 0
A58: 7. | C58: PISO
A59: 7.1 | B59: TER-ATE-010 | C59: Aterro compactado com placa vibratória | D59: ='Memória de Cálculo'!J214 -> 6.49239 | E59: m3 | G59: =(F59+(F59*G6)) -> 0 | H59: =G59*D59 -> 0
A60: 7.2 | B60: TER-ESC-035 | C60: Escavação manual de valas H ≤ 1,50 m | D60: ='Memória de Cálculo'!J219 -> 0.58806 | E60: m3 | G60: =(F60+(F60*G6)) -> 0 | H60: =G60*D60 -> 0
A61: 7.3 | B61: URB-PAS-006 | C61: Passeio de concreto e = 6 cm, FCK ≥ 10 MPa, junta seca | D61: ='Memória de Cálculo'!J224 -> 66.728 | E61: m2 | G61: =(F61+(F61*G6)) -> 0 | H61: =G61*D61 -> 0
A62: SUB-TOTAL: | H62: =SUM(H59:H61) -> 0
A63: 8. | C63: ESQUADRIAS E GRADE
A64: 8.1 | B64: SER-GRA-005 | C64: Fornecimento e assentamento de grade fixa de ferro, para proteção de janelas | D64: ='Memória de Cálculo'!J231 -> 4.2338 | E64: m2 | G64: =(F64+(F64*G6)) -> 0 | H64: =G64*D64 -> 0
A65: 8.2 | B65: COTAÇÃO | C65: Grade em metalon #18 (30 x 20 mm) com portão, colunas #14 (50 x 50 mm) espaçadas a aproximadamente 2 metros, completo, incluindo fechadura externa, fornecimento e assentamento | D65: ='Memória de Cálculo'!J239 -> 105.742 | E65: m2 | G65: =(F65+(F65*G6)) -> 0 | H65: =G65*D65 -> 0
A66: 8.3 | B66: COTAÇÃO | C66: Janela em vidro temperado e vidro liso comum, incolor 8mm, fixo, 0,80 x 0,54 m, com alumínio fosco, completa, para proteção do vão de atendimento na recepção | D66: ='Memória de Cálculo'!J244 -> 0.4656 | E66: m2 | G66: =(F66+(F66*G6)) -> 0 | H66: =G66*D66 -> 0
A67: 8.4 | B67: COMPOSIÇÃO | C67: Porta de correr, madeira de lei prancheta para pintura, completa, 90 x 210 cm, embutida, inclusive fornecimento e assentamento | D67: ='Memória de Cálculo'!J248 -> 1 | E67: unid | G67: =(F67+(F67*G6)) -> 0 | H67: =G67*D67 -> 0
A68: SUB-TOTAL: | H68: =SUM(H64:H67) -> 0
A69: 9. | C69: INSTALAÇÕES HIDROSSANITÁRIAS
A70: 9.1 | B70: LOU-VAS-015 | C70: Bacia sanitária (vaso) de louça com caixa acoplada, cor branca, inclusive acessórios de fixação/vedação, engate flexível metálico, fornecimento, instalação e rejuntamento | D70: ='Memória de Cálculo'!J253 -> 1 | E70: unid | G70: =(F70+(F70*G6)) -> 0 | H70: =G70*D70 -> 0
A71: 9.2 | B71: LOU-CUB-005 | C71: Cuba de louça branca de embutir, formato oval, inclusive válvula de escoamento de metal com acabamento cromado, sifão de metal tipo copo com acabamento cromado, fornecimento e instalação. | D71: ='Memória de Cálculo'!J257 -> 1 | E71: unid | G71: =(F71+(F71*G6)) -> 0 | H71: =G71*D71 -> 0
A72: 9.3 | B72: INST-AGU-005 | C72: Ponto de água fria embutido, incluindo tubo de pvc rígido soldável e conexões | D72: ='Memória de Cálculo'!J261 -> 1 | E72: unid | G72: =(F72+(F72*G6)) -> 0 | H72: =G72*D72 -> 0
A73: 9.4 | B73: INST-ESG-005 | C73: Ponto de esgoto, incluindo tubo de PVC rígido soldável de 40 mm e conexões (lavatórios, mictórios, ralos sifonados etc) | D73: ='Memória de Cálculo'!J265 -> 1 | E73: unid | G73: =(F73+(F73*G6)) -> 0 | H73: =G73*D73 -> 0
A74: 9.5 | B74: MET-TOR-035 | C74: Torneira metálica para lavatório, acabamento cromado, com arejador, aplicação de mesa, inclusive engate flexível metálico, fornecimento e instalação | D74: ='Memória de Cálculo'!J269 -> 1 | E74: unid | G74: =(F74+(F74*G6)) -> 0 | H74: =G74*D74 -> 0
A75: SUB-TOTAL: | H75: =SUM(H70:H74) -> 0
A76: 10. | C76: INSTALAÇÕES ELÉTRICAS
A77: 10.1 | B77: ELE-CAN-005 | C77: Canaleta em PVC para instalação elétrica aparente, inclusive conexões, dimensões 20 x 10 mm | D77: ='Memória de Cálculo'!J276 -> 7.05 | E77: m | G77: =(F77+(F77*G6)) -> 0 | H77: =G77*D77 -> 0
A78: 10.2 | B78: ELE-TOM-035 | C78: Conjunto de 1 tomada + 1 interruptor com placa, inclusive remoção de tomadas se necessário | D78: ='Memória de Cálculo'!J281 -> 2 | E78: cj | G78: =(F78+(F78*G6)) -> 0 | H78: =G78*D78 -> 0
A79: 10.3 | B79: ELE-ELE-015 | C79: Eletroduto de PVC rígido roscável, DN 25 mm (1"), inclusive conexões, suportes e fixação | D79: ='Memória de Cálculo'!J285 -> 23.51 | E79: m | G79: =(F79+(F79*G6)) -> 0 | H79: =G79*D79 -> 0
A80: 10.4 | B80: COMPOSIÇÃO | C80: Instalação de lâmpada LED - 18W - Comprimento = 1,20 metros, inclusive remoção de lâmpadas e soquetes existentes, fornecimento e instalação de soquetes novos se necessário. | D80: ='Memória de Cálculo'!J291 -> 7 | E80: unid | G80: =(F80+(F80*G6)) -> 0 | H80: =G80*D80 -> 0
A81: 10.5 | B81: COMPOSIÇÃO | C81: Instalação de lâmpada LED - 9W - Base E27, inclusive remoção de lâmpadas e soquetes existentes, fornecimento e instalação de soquetes novos | D81: ='Memória de Cálculo'!J299 -> 5 | E81: unid | G81: =(F81+(F81*$G6)) -> 0 | H81: =G81*D81 -> 0
A82: 10.6 | B82: ELE-LUM-053 | C82: Luminária tipo tartaruga, blindada, para lâmpada LED 20w, inclusive remoção de lâmpadas e soquetes existentes, fornecimento e instalação de soquetes novos | D82: ='Memória de Cálculo'!J303 -> 3 | E82: unid | G82: =(F82+(F82*$G6)) -> 0 | H82: =G82*D82 -> 0
A83: 10.7 | B83: ELE-PLA-020 | C83: Placa cega para caixa 2" x 4" | D83: ='Memória de Cálculo'!J310 -> 5 | E83: unid | G83: =(F83+(F83*G6)) -> 0 | H83: =G83*D83 -> 0
A84: 10.8 | B84: INST-TOM-005 | C84: Ponto de tomada de embutir, incluindo eletroduto de PVC flexível e caixa com espelho | D84: ='Memória de Cálculo'!J315 -> 2 | E84: unid | G84: =(F84+(F84*G6)) -> 0 | H84: =G84*D84 -> 0
A85: 10.9 | B85: ELE-TOM-005 | C85: Tomada simples - 2P + T - 10A com placa, inclusive remoção de tomadas se necessário | D85: ='Memória de Cálculo'!J320 -> 3 | E85: unid | G85: =(F85+(F85*G6)) -> 0 | H85: =G85*D85 -> 0
A86: 10.10 | B86: ELE-TOM-015 | C86: Tomada simples - 2P + T - 20A com placa, inclusive remoção de tomadas se necessário | D86: ='Memória de Cálculo'!J324 -> 1 | E86: unid | G86: =(F86+(F86*G6)) -> 0 | H86: =G86*D86 -> 0
A87: SUB-TOTAL: | H87: =SUM(H77:H86) -> 0
A88: 11. | C88: PINTURA
A89: 11.1 | B89: SIN-88485 | C89: Aplicação manual de fundo selador acrílico em paredes, uma demão, tipo Coral ou similar, incluindo lixamento da superfície caso necessário | D89: ='Memória de Cálculo'!J335 -> 37.778469 | E89: m2 | G89: =(F89+(F89*G6)) -> 0 | H89: =G89*D89 -> 0
A90: 11.2 | B90: SIN-88423 | C90: Pintura acrílica com tinta tipo "Sherwin Williams Nova Cor Piso", "Coral" ou similar, duas demãos, sobre superfícies com argamassa ou concreto, incluindo lixamento da superfície caso necessário. | D90: ='Memória de Cálculo'!J389 -> 375.03343 | E90: m2 | G90: =(F90+(F90*G6)) -> 0 | H90: =G90*D90 -> 0
A91: 11.3 | B91: PIN-VER-015 | C91: Pintura com verniz sintético marítimo tipo Coral ou similar, em esquadrias de madeira, duas (2) demãos, acabamento tipo acetinado (brilho sútil) | D91: ='Memória de Cálculo'!J398 -> 30.013095 | E91: m2 | G91: =(F91+(F91*G6)) -> 0 | H91: =G91*D91 -> 0
A92: 11.4 | B92: SIN-74065/002 | C92: Pintura esmalte acetinado para madeira tipo Coral ou similar, duas demãos, sobre fundo nivelador branco, incluindo lixamento da superfície. | D92: ='Memória de Cálculo'!J403 -> 8.4756 | E92: m2 | G92: =(F92+(F92*G6)) -> 0 | H92: =G92*D92 -> 0
A93: 11.5 | B93: SIN-73924/001 | C93: Pintura esmalte alto brilho com tinta tipo Coral ou similar, duas demãos, sobre superfície metálica, incluindo lixamento da superfície | D93: ='Memória de Cálculo'!J418 -> 112.93179 | E93: m2 | G93: =(F93+(F93*G6)) -> 0 | H93: =G93*D93 -> 0
A94: SUB-TOTAL: | H94: =SUM(H89:H93) -> 0
A95: TOTAL | H95: =H12+H16+H29+H44+H51+H57+H62+H68+H75+H87+H94 -> 0
A96: Instruções:
A97: 1) Os preços unitários da planilha são referenciais, limites máximos permitidos e correspondem ao custo total de cada serviço. Foram utilizados preços de referência com desoneração, conforme Lei 13.161/2015.
A98: 2) Estão incluídos nos custos de cada item: Fornecimento e transporte de todos os materiais e equipamentos + mão de obra + encargos sociais + encargos complementares. No preço unitário estão incluidos todos os componentes necessários para execução de cada serviço, mesmo aqueles que embora não citados sejam indispensáveis para o seu desenvolvimento.
A100: 3) Os Encargos complementares são custos associados à mão de obra - alimentação, transporte, equipamentos de proteção individual, ferramentas e outros.
A101: 4) O BDI adotado foi de 31,41%, com desoneração, conforme Acórdão nº 2622/2013 e Lei 13.161 de 31/08/15. Os percentuais adotados para o cálculo do BDI estão detalhados em planilha anexa. Conforme legislação tributária Municipal, a base de cálculo do ISS corresponde a 90,00% do valor deste tipo de obra e, sobre esta base, incide ISS com alíquota de 5,00%.
A103: 5) A Contribuição Previdenciária sobre a Receita Bruta (CPRB) - Lei 13.161/2015, desonera a folha de salários de diversas atividades econômicas da construção civil e impacta no cálculo do BDI mediante a majoração do percentual correspondente à 4,5% sobre o preço total da obra, em substituição à contribuição previdenciária patronal de 20% prevista nos encargos sociais.
A105: 6) Os serviços deverão ser executados rigorosamente conforme Planilha Orçamentária, Especificação Técnica e Projetos.
A106: 7) Caso a Fiscalização Municipal entenda como inviável a execução de algum item previsto nesta planilha, a Prefeitura Municipal reserva-se o direito de realizar supressão total ou parcial do(s) mesmo(s), de acordo com os limites estabelecidos pela Lei nº 8.666/93.
...

Sheet Planilha Orçamentária
A1: PREFEITURA MUNICIPAL Secretaria de Obras e Serviços Urbanos
A4: OBRA POR EXECUÇÃO INDIRETA
A5: Setor requisitante: Secretaria de Desenvolvimento Econômico e Social
A6: Objeto: | B6: Reforma do Conselho Tutelar dos Direitos da Criança e do Adolescente de Nova Era/MG | F6: BDI: | G6: 0.3141 | H6: 43714
A8: ANEXO X - PLANILHA ORÇAMENTÁRIA
A9: Item | B9: Preço Referência | C9: Descrição | D9: Qtde. | E9: Unidade | F9: Preço unitário sem BDI | G9: Preço unitário com BDI | H9: P. Total
A10: 1 | C10: MOBILIZAÇÃO E DESMOBILIZAÇÃO
A11: 1.1 | B11: MOB-DES-020 | C11: Mobilização e desmobilização de obra - para obras até o valor de R$1.000.000,00 - 1,5% do custo direto da obra | D11: 1 | E11: vb | F11: ='Memória de Cálculo'!H13 -> 697.99114 | G11: =(F11+(F11*G6)) -> 917.23015 | H11: =G11*D11 -> 917.23015
A12: SUB-TOTAL: | H12: =SUM(H11) -> 917.23015
A13: 2. | C13: CANTEIRO DE OBRAS
A14: 2.1 | B14: IIO-SAN-005 | C14: Banheiro químico 110 X 120 X 230 cm com manutenção | D14: ='Memória de Cálculo'!J18 -> 3 | E14: mês | F14: 515 | G14: =(F14+(F14*G6)) -> 676.7615 | H14: =G14*D14 -> 2030.2845
A15: 2.2 | B15: SIN-74209/001 | C15: Placa de obra em chapa de aço galvanizado - 3,00 x 1,50m, conforme modelo da Prefeitura | D15: ='Memória de Cálculo'!J22 -> 4.5 | E15: m2 | F15: 301.27 | G15: =(F15+(F15*G6)) -> 395.89891 | H15: =G15*D15 -> 1781.5451
A16: SUB-TOTAL: | H16: =SUM(H14:H15) -> 3811.8296
A17: 3. | C17: SERVIÇOS PRELIMINARES
A18: 3.1 | B18: DEM-CON-020 | C18: Demolição de concreto armado, com equipamento elétrico, inclusive afastamento | D18: ='Memória de Cálculo'!J28 -> 0.3358 | E18: m3 | F18: 57.71 | G18: =(F18+(F18*G6)) -> 75.836711 | H18: =G18*D18 -> 25.465968
A19: 3.2 | B19: DEM-CON-015 | C19: Demolição de concreto simples, com equipamento elétrico, inclusive afastamento | D19: ='Memória de Cálculo'!J34 -> 8.39258 | E19: m3 | F19: 34.05 | G19: =(F19+(F19*G6)) -> 44.745105 | H19: =G19*D19 -> 375.52687
A20: 3.3 | B20: DEM-PIS-010 | C20: Demolição de piso cerâmico ou ladrilho hidráulico, inclusive afastamento | D20: ='Memória de Cálculo'!J39 -> 0.98518 | E20: m2 | F20: 10.71 | G20: =(F20+(F20*G6)) -> 14.074011 | H20: =G20*D20 -> 13.865434
A21: 3.4 | B21: DEM-REV-005 | C21: Demolição de reboco inclusive afastamento | D21: ='Memória de Cálculo'!J45 -> 3.8855 | E21: m2 | F21: 10.56 | G21: =(F21+(F21*G6)) -> 13.876896 | H21: =G21*D21 -> 53.918679
A22: 3.5 | B22: DEM-REV-010 | C22: Demolição de revestimento cerâmico, azulejo ou ladrilho hidráulico inclusive afastamento | D22: ='Memória de Cálculo'!J49 -> 0.9624 | E22: m2 | F22: 12.06 | G22: =(F22+(F22*G6)) -> 15.848046 | H22: =G22*D22 -> 15.252159
A23: 3.6 | B23: DEM-ROD-005 | C23: Demolição de rodapé em geral, inclusive argamassa de assentamento e afastamento | D23: ='Memória de Cálculo'!J55 -> 22.3211 | E23: m | F23: 1.81 | G23: =(F23+(F23*G6)) -> 2.378521 | H23: =G23*D23 -> 53.091205
A24: 3.7 | B24: DEM-CER-005 | C24: Remoção de cerca e portão, inclusive afastamento | D24: ='Memória de Cálculo'!J60 -> 56.129405 | E24: m2 | F24: 12.06 | G24: =(F24+(F24*G6)) -> 15.848046 | H24: =G24*D24 -> 889.54139
A25: 3.8 | B25: DEM-DIV-010 | C25: Remoção de divisória de madeira, inclusive afastamento | D25: ='Memória de Cálculo'!J64 -> 7.3217 | E25: m2 | F25: 15.09 | G25: =(F25+(F25*G6)) -> 19.829769 | H25: =G25*D25 -> 145.18762
A26: 3.9 | B26: DEM-LOU-005 | C26: Remoção de louças (lavatório, banheira, pia, vaso sanitário, tanque) | D26: ='Memória de Cálculo'!J69 -> 2 | E26: unid | F26: 50.53 | G26: =(F26+(F26*G6)) -> 66.401473 | H26: =G26*D26 -> 132.80295
A27: 3.10 | B27: DEM-MET-005 | C27: Remoção de metais comuns (conduíte, sifão, registro, torneiras) | D27: ='Memória de Cálculo'!J73 -> 1 | E27: unid | F27: 11.78 | G27: =(F27+(F27*G6)) -> 15.480098 | H27: =G27*D27 -> 15.480098
A28: 3.11 | B28: DEM-MET-010 | C28: Remoção de metais especiais (válvula de descarga, caixa silenciosa) | D28: ='Memória de Cálculo'!J77 -> 1 | E28: unid | F28: 12.37 | G28: =(F28+(F28*G6)) -> 16.255417 | H28: =G28*D28 -> 16.255417
A29: SUB-TOTAL: | H29: =SUM(H18:H28) -> 1736.3878
A30: 4. | C30: SERVIÇOS DIVERSOS
A31: 4.1 | B31: COTAÇÃO | C31: Armário em MDF, dimensões de 179,8x53,8x79,4 (extensão x largura x altura), na cor branco, 2 portas de abrir, com 4 gavetas, inclusive fornecimento e assentamento, conforme Projeto Arquitetônico | D31: ='Memória de Cálculo'!J82 -> 1 | E31: unid | F31: =Cotações!H11 -> 1116.6667 | G31: =(F31+(F31*G6)) -> 1467.4117 | H31: =G31*D31 -> 1467.4117
A32: 4.2 | B32: BAN-GRA-005 | C32: Bancada em granito verde Bahia, espessura 3 cm, apoiada em barras de matalon, inclusive fornecimento e assentamento, conforme Projeto Arquitetônico | D32: ='Memória de Cálculo'!J89 -> 3.3684 | E32: m2 | F32: 309.07 | G32: =(F32+(F32*G6)) -> 406.14889 | H32: =G32*D32 -> 1368.0719
A33: 4.3 | B33: COMPOSIÇÃO | C33: Banco em alvenaria de blocos de concreto e = 0,19, cheios em concreto Fck ≥ 15 Mpa, dimensões 243 x 42 x 63cm (comprimento x altura x largura), incluindo almofada com espuma densidade 33. (Para sala 01) | D33: ='Memória de Cálculo'!J93 -> 1 | E33: unid | F33: =Composição!H13 -> 1115.5669 | G33: =(F33+(F33*G6)) -> 1465.9665 | H33: =G33*D33 -> 1465.9665
A34: 4.4 | B34: COMPOSIÇÃO | C34: Banco em alvenaria de blocos de concreto e = 0,19, cheios em concreto Fck ≥ 15 Mpa, formato em L, inclusive granito verde Bahia e=3cm (Para sala de espera) | D34: ='Memória de Cálculo'!J97 -> 1 | E34: unid | F34: =Composição!H65 -> 703.9639 | G34: =(F34+(F34*G5)) -> 703.9639 | H34: =G34*D34 -> 703.9639
A35: 4.5 | B35: ARM-AÇO-020 | C35: Corte, dobra e montagem de aço CA-50/60 | D35: ='Memória de Cálculo'!J101 -> 72 | E35: kg | F35: 7.3 | G35: =(F35+(F35*G6)) -> 9.59293 | H35: =G35*D35 -> 690.69096
A36: 4.6 | B36: EST-FOR-005 | C36: Formas planas de madeira de pínus (execução, incluindo desforma, fornecimento e transporte de todos os materiais), com reaproveitamento 3x | D36: ='Memória de Cálculo'!J109 -> 15.36935 | E36: m2 | F36: 38.84 | G36: =(F36+(F36*G6)) -> 51.039644 | H36: =G36*D36 -> 784.44615
A37: 4.7 | B37: EST-CON-035 | C37: Fornecimento de concreto estrutural, preparado em obra, com fck 25 Mpa, inclusive lançamento, adensamento e acabamento | D37: ='Memória de Cálculo'!J116 -> 2.4094137 | E37: m3 | F37: 420.33 | G37: =(F37+(F37*G6)) -> 552.35565 | H37: =G37*D37 -> 1330.8532
A38: 4.8 | B38: VID-ESP-010 | C38: Espelho com moldura em alumínio para PNE (60x90)cm | D38: ='Memória de Cálculo'!J120 -> 1 | E38: unid | F38: 184.99 | G38: =(F38+(F38*G6)) -> 243.09536 | H38: =G38*D38 -> 243.09536
A39: 4.9 | B39: COMPOSIÇÃO | C39: Instalação de régua de 10 x 1,7 cm (peroba rosa ou paraju) canto boleado, inclusive aplicação de verniz, fornecimento e assentamento. | D39: ='Memória de Cálculo'!J124 -> 17.144 | E39: m | F39: =Composição!H68 -> 34.9598 | G39: =(F39+(F39*G6)) -> 45.940673 | H39: =G39*D39 -> 787.6069
A40: 4.10 | B40: PEI-GRA-005 | C40: Peitoril de granito verde Bahia e = 2 cm, inclusive fornecimento e assentamento | D40: ='Memória de Cálculo'!J128 -> 0.192 | E40: m2 | F40: 199.17 | G40: =(F40+(F40*G6)) -> 261.7293 | H40: =G40*D40 -> 50.252025
A41: 4.11 | B41: BAN-ROD-005 | C41: Rodabancada em granito verde Bahia, h = 7 cm e = 3 cm, conforme Projeto Arquitetônico | D41: ='Memória de Cálculo'!J135 -> 8.691 | E41: m | F41: 22.64 | G41: =(F41+(F41*G6)) -> 29.751224 | H41: =G41*D41 -> 258.56789
A42: 4.12 | B42: BAN-TES-005 | C42: Testeira em granito verde Bahia, h = 7 cm e = 3 cm, conforme Projeto Arquitetônico | D42: ='Memória de Cálculo'!J142 -> 9.05 | E42: m | F42: 10.09 | G42: =(F42+(F42*G6)) -> 13.259269 | H42: =G42*D42 -> 119.99638
A43: 4.13 | B43: TRA-CAÇ-015 | C43: Transporte de material demolido em caçamba de 5 m3 | D43: ='Memória de Cálculo'!J151 -> 13.293627 | E43: m3 | F43: 20 | G43: =(F43+(F43*G6)) -> 26.282 | H43: =G43*D43 -> 349.38309
A44: SUB-TOTAL: | H44: =SUM(H31:H43) -> 9620.306
A45: 5. | C45: ALVENARIA E REVESTIMENTOS
A46: 5.1 | B46: ALV-TIJ-035 | C46: Alvenaria de vedação com tijolo cerâmico furado, esp. 19cm, para revestimento, inclusive argamassa para assentamento | D46: ='Memória de Cálculo'!J158 -> 21.358109 | E46: m2 | F46: 45.71 | G46: =(F46+(F46*G6)) -> 60.067511 | H46: =G46*D46 -> 1282.9284
A47: 5.2 | B47: SIN-87878 | C47: Chapisco aplicado em alvenaria e estruturas de concreto, com colher de pedreiro, argamassa traço 1:3 de cimento e areia, preparo manual | D47: ='Memória de Cálculo'!J167 -> 30.960499 | E47: m2 | F47: 2.91 | G47: =(F47+(F47*G6)) -> 3.824031 | H47: =G47*D47 -> 118.39391
A48: 5.3 | B48: SIN-87529 | C48: Reboco para recebimento de pintura, em argamassa traço 1:2:8, preparo mecânico com betoneira 400l, aplicada manualmente em faces internas de paredes, espessura de 20 a 30mm, com execução de taliscas | D48: ='Memória de Cálculo'!J177 -> 37.686469 | E48: m2 | F48: 24.39 | G48: =(F48+(F48*G6)) -> 32.050899 | H48: =G48*D48 -> 1207.8852
A49: 5.4 | B49: SIN 99198 | C49: Revestimento cerâmico para paredes internas e externas, dimensão da peça de 100 a 1250 cm² (20x5cm a 50x25cm), revestimento tipo Pierini ou similar, com acabamento rústico ou esmaltado, argamassa industrializada, aplicadas em ambientes de área maior que 5 m² a meia altura das paredes, inclusive apicoamento da camada de recebimento e rejuntamento. | D49: ='Memória de Cálculo'!J183 -> 75.848616 | E49: m2 | F49: 40.81 | G49: =(F49+(F49*G6)) -> 53.628421 | H49: =G49*D49 -> 4067.6415
A50: 5.5 | B50: ROD-CER-005 | C50: Rodapé com revestimento em cerâmica esmaltada comercial, altura 7cm, PEI IV, assentamento com argamassa industrializada, inclusive rejuntamento. | D50: ='Memória de Cálculo'!J189 -> 26.582 | E50: m | F50: 9.02 | G50: =(F50+(F50*G6)) -> 11.853182 | H50: =G50*D50 -> 315.08128
A51: SUB-TOTAL: | H51: =SUM(H46:H50) -> 6991.9303
A52: 6. | C52: REFORMA DE TELHADO
A53: 6.1 | B53: COB-CUM-005 | C53: Colocação de cumeeira cerâmica, 3 unid/m, inclusive utilização de pigmento em pó Xadrez ou similar | D53: ='Memória de Cálculo'!J195 -> 11.9985 | E53: m | F53: 23.33 | G53: =(F53+(F53*G6)) -> 30.657953 | H53: =G53*D53 -> 367.84945
A54: 6.2 | B54: COB-ENG-005 | C54: Engradamento para telhas cerâmicas ou concreto em madeira Paraju | E54: m2 | F54: 119.78 | G54: =(F54+(F54*G6)) -> 157.4029 | H54: =G54*D54 -> 0
A55: 6.3 | B55: LIM-CAL-005 | C55: Limpeza (desobstrução) de condutores e calhas | D55: ='Memória de Cálculo'!J204 -> 48.4738 | E55: m | F55: 5.3 | G55: =(F55+(F55*G6)) -> 6.96473 | H55: =G55*D55 -> 337.60693
A56: 6.4 | B56: COMPOSIÇÃO | C56: Manutenção de telhado colonial, incluindo fornecimento e substituição de telhas quebradas, com utilização de pigmento em pó Xadrez ou similar | D56: ='Memória de Cálculo'!J209 -> 87.4659 | E56: m2 | F56: =Composição!H79 -> 9.2319163 | G56: =(F56+(F56*G6)) -> 12.131661 | H56: =G56*D56 -> 1061.1067
A57: SUB-TOTAL: | H57: =SUM(H53:H56) -> 1766.563
A58: 7. | C58: PISO
A59: 7.1 | B59: TER-ATE-010 | C59: Aterro compactado com placa vibratória | D59: ='Memória de Cálculo'!J214 -> 6.49239 | E59: m3 | F59: 28.32 | G59: =(F59+(F59*G6)) -> 37.215312 | H59: =G59*D59 -> 241.61632
A60: 7.2 | B60: TER-ESC-035 | C60: Escavação manual de valas H ≤ 1,50 m | D60: ='Memória de Cálculo'!J219 -> 0.58806 | E60: m3 | F60: 45.08 | G60: =(F60+(F60*G6)) -> 59.239628 | H60: =G60*D60 -> 34.836456
A61: 7.3 | B61: URB-PAS-006 | C61: Passeio de concreto e = 6 cm, FCK ≥ 10 MPa, junta seca | D61: ='Memória de Cálculo'!J224 -> 66.728 | E61: m2 | F61: 36.71 | G61: =(F61+(F61*G6)) -> 48.240611 | H61: =G61*D61 -> 3218.9995
A62: SUB-TOTAL: | H62: =SUM(H59:H61) -> 3495.4523
A63: 8. | C63: ESQUADRIAS E GRADE
A64: 8.1 | B64: SER-GRA-005 | C64: Fornecimento e assentamento de grade fixa de ferro, para proteção de janelas | D64: ='Memória de Cálculo'!J231 -> 4.2338 | E64: m2 | F64: 246.35 | G64: =(F64+(F64*G6)) -> 323.72853 | H64: =G64*D64 -> 1370.6019
A65: 8.2 | B65: COTAÇÃO | C65: Grade em metalon #18 (30 x 20 mm) com portão, colunas #14 (50 x 50 mm) espaçadas a aproximadamente 2 metros, completo, incluindo fechadura externa, fornecimento e assentamento | D65: ='Memória de Cálculo'!J239 -> 105.742 | E65: m2 | F65: =Cotações!H28 -> 170.88338 | G65: =(F65+(F65*G6)) -> 224.55785 | H65: =G65*D65 -> 23745.196
A66: 8.3 | B66: COTAÇÃO | C66: Janela em vidro temperado e vidro liso comum, incolor 8mm, fixo, 0,80 x 0,54 m, com alumínio fosco, completa, para proteção do vão de atendimento na recepção | D66: ='Memória de Cálculo'!J244 -> 0.4656 | E66: m2 | F66: =Cotações!H36 -> 136.66667 | G66: =(F66+(F66*G6)) -> 179.59367 | H66: =G66*D66 -> 83.618811
A67: 8.4 | B67: COMPOSIÇÃO | C67: Porta de correr, madeira de lei prancheta para pintura, completa, 90 x 210 cm, embutida, inclusive fornecimento e assentamento | D67: ='Memória de Cálculo'!J248 -> 1 | E67: unid | F67: =Composição!H91 -> 657.55893 | G67: =(F67+(F67*G6)) -> 864.09819 | H67: =G67*D67 -> 864.09819
A68: SUB-TOTAL: | H68: =SUM(H64:H67) -> 26063.515
A69: 9. | C69: INSTALAÇÕES HIDROSSANITÁRIAS
A70: 9.1 | B70: LOU-VAS-015 | C70: Bacia sanitária (vaso) de louça com caixa acoplada, cor branca, inclusive acessórios de fixação/vedação, engate flexível metálico, fornecimento, instalação e rejuntamento | D70: ='Memória de Cálculo'!J253 -> 1 | E70: unid | F70: 412.73 | G70: =(F70+(F70*G6)) -> 542.36849 | H70: =G70*D70 -> 542.36849
A71: 9.2 | B71: LOU-CUB-005 | C71: Cuba de louça branca de embutir, formato oval, inclusive válvula de escoamento de metal com acabamento cromado, sifão de metal tipo copo com acabamento cromado, fornecimento e instalação. | D71: ='Memória de Cálculo'!J257 -> 1 | E71: unid | F71: 215.98 | G71: =(F71+(F71*G6)) -> 283.81932 | H71: =G71*D71 -> 283.81932
A72: 9.3 | B72: INST-AGU-005 | C72: Ponto de água fria embutido, incluindo tubo de pvc rígido soldável e conexões | D72: ='Memória de Cálculo'!J261 -> 1 | E72: unid | F72: 82.34 | G72: =(F72+(F72*G6)) -> 108.20299 | H72: =G72*D72 -> 108.20299
A73: 9.4 | B73: INST-ESG-005 | C73: Ponto de esgoto, incluindo tubo de PVC rígido soldável de 40 mm e conexões (lavatórios, mictórios, ralos sifonados etc) | D73: ='Memória de Cálculo'!J265 -> 1 | E73: unid | F73: 47.62 | G73: =(F73+(F73*G6)) -> 62.577442 | H73: =G73*D73 -> 62.577442
A74: 9.5 | B74: MET-TOR-035 | C74: Torneira metálica para lavatório, acabamento cromado, com arejador, aplicação de mesa, inclusive engate flexível metálico, fornecimento e instalação | D74: ='Memória de Cálculo'!J269 -> 1 | E74: unid | F74: 97.85 | G74: =(F74+(F74*G6)) -> 128.58468 | H74: =G74*D74 -> 128.58468
A75: SUB-TOTAL: | H75: =SUM(H70:H74) -> 1125.5529
A76: 10. | C76: INSTALAÇÕES ELÉTRICAS
A77: 10.1 | B77: ELE-CAN-005 | C77: Canaleta em PVC para instalação elétrica aparente, inclusive conexões, dimensões 20 x 10 mm | D77: ='Memória de Cálculo'!J276 -> 7.05 | E77: m | F77: 6.79 | G77: =(F77+(F77*G6)) -> 8.922739 | H77: =G77*D77 -> 62.90531
A78: 10.2 | B78: ELE-TOM-035 | C78: Conjunto de 1 tomada + 1 interruptor com placa, inclusive remoção de tomadas se necessário | D78: ='Memória de Cálculo'!J281 -> 2 | E78: cj | F78: 28.06 | G78: =(F78+(F78*G6)) -> 36.873646 | H78: =G78*D78 -> 73.747292
A79: 10.3 | B79: ELE-ELE-015 | C79: Eletroduto de PVC rígido roscável, DN 25 mm (1"), inclusive conexões, suportes e fixação | D79: ='Memória de Cálculo'!J285 -> 23.51 | E79: m | F79: 13.64 | G79: =(F79+(F79*G6)) -> 17.924324 | H79: =G79*D79 -> 421.40086
A80: 10.4 | B80: COMPOSIÇÃO | C80: Instalação de lâmpada LED - 18W - Comprimento = 1,20 metros, inclusive remoção de lâmpadas e soquetes existentes, fornecimento e instalação de soquetes novos se necessário. | D80: ='Memória de Cálculo'!J291 -> 7 | E80: unid | F80: =Composição!H112 -> 27.784 | G80: =(F80+(F80*G6)) -> 36.510954 | H80: =G80*D80 -> 255.57668
A81: 10.5 | B81: COMPOSIÇÃO | C81: Instalação de lâmpada LED - 9W - Base E27, inclusive remoção de lâmpadas e soquetes existentes, fornecimento e instalação de soquetes novos | D81: ='Memória de Cálculo'!J299 -> 5 | E81: unid | F81: =Composição!H123 -> 15.367333 | G81: =(F81+(F81*$G6)) -> 20.194213 | H81: =G81*D81 -> 100.97106
A82: 10.6 | B82: ELE-LUM-053 | C82: Luminária tipo tartaruga, blindada, para lâmpada LED 20w, inclusive remoção de lâmpadas e soquetes existentes, fornecimento e instalação de soquetes novos | D82: ='Memória de Cálculo'!J303 -> 3 | E82: unid | F82: 75.99 | G82: =(F82+(F82*$G6)) -> 99.858459 | H82: =G82*D82 -> 299.57538
A83: 10.7 | B83: ELE-PLA-020 | C83: Placa cega para caixa 2" x 4" | D83: ='Memória de Cálculo'!J310 -> 5 | E83: unid | F83: 5.22 | G83: =(F83+(F83*G6)) -> 6.859602 | H83: =G83*D83 -> 34.29801
A84: 10.8 | B84: INST-TOM-005 | C84: Ponto de tomada de embutir, incluindo eletroduto de PVC flexível e caixa com espelho | D84: ='Memória de Cálculo'!J315 -> 2 | E84: unid | F84: 149.8 | G84: =(F84+(F84*G6)) -> 196.85218 | H84: =G84*D84 -> 393.70436
A85: 10.9 | B85: ELE-TOM-005 | C85: Tomada simples - 2P + T - 10A com placa, inclusive remoção de tomadas se necessário | D85: ='Memória de Cálculo'!J320 -> 3 | E85: unid | F85: 21.84 | G85: =(F85+(F85*G6)) -> 28.699944 | H85: =G85*D85 -> 86.099832
A86: 10.10 | B86: ELE-TOM-015 | C86: Tomada simples - 2P + T - 20A com placa, inclusive remoção de tomadas se necessário | D86: ='Memória de Cálculo'!J324 -> 1 | E86: unid | F86: 21.84 | G86: =(F86+(F86*G6)) -> 28.699944 | H86: =G86*D86 -> 28.699944
A87: SUB-TOTAL: | H87: =SUM(H77:H86) -> 1756.9787
A88: 11. | C88: PINTURA
A89: 11.1 | B89: SIN-88485 | C89: Aplicação manual de fundo selador acrílico em paredes, uma demão, tipo Coral ou similar, incluindo lixamento da superfície caso necessário | D89: ='Memória de Cálculo'!J335 -> 37.778469 | E89: m2 | F89: 2.14 | G89: =(F89+(F89*G6)) -> 2.812174 | H89: =G89*D89 -> 106.23963
A90: 11.2 | B90: SIN-88423 | C90: Pintura acrílica com tinta tipo "Sherwin Williams Nova Cor Piso", "Coral" ou similar, duas demãos, sobre superfícies com argamassa ou concreto, incluindo lixamento da superfície caso necessário. | D90: ='Memória de Cálculo'!J389 -> 375.03343 | E90: m2 | F90: 14.38 | G90: =(F90+(F90*G6)) -> 18.896758 | H90: =G90*D90 -> 7086.916
A91: 11.3 | B91: PIN-VER-015 | C91: Pintura com verniz sintético marítimo tipo Coral ou similar, em esquadrias de madeira, duas (2) demãos, acabamento tipo acetinado (brilho sútil) | D91: ='Memória de Cálculo'!J398 -> 30.013095 | E91: m2 | F91: 14.07 | G91: =(F91+(F91*G6)) -> 18.489387 | H91: =G91*D91 -> 554.92373
A92: 11.4 | B92: SIN-74065/002 | C92: Pintura esmalte acetinado para madeira tipo Coral ou similar, duas demãos, sobre fundo nivelador branco, incluindo lixamento da superfície. | D92: ='Memória de Cálculo'!J403 -> 8.4756 | E92: m2 | F92: 21.75 | G92: =(F92+(F92*G6)) -> 28.581675 | H92: =G92*D92 -> 242.24684
A93: 11.5 | B93: SIN-73924/001 | C93: Pintura esmalte alto brilho com tinta tipo Coral ou similar, duas demãos, sobre superfície metálica, incluindo lixamento da superfície | D93: ='Memória de Cálculo'!J418 -> 112.93179 | E93: m2 | F93: 23.47 | G93: =(F93+(F93*G6)) -> 30.841927 | H93: =G93*D93 -> 3483.034
A94: SUB-TOTAL: | H94: =SUM(H89:H93) -> 11473.36
A95: TOTAL | H95: =H12+H16+H29+H44+H51+H57+H62+H68+H75+H87+H94 -> 68759.106
A96: Instruções:
A97: 1) Os preços unitários da planilha são referenciais, limites máximos permitidos e correspondem ao custo total de cada serviço. Foram utilizados preços de referência com desoneração, conforme Lei 13.161/2015.
A98: 2) Estão incluídos nos custos de cada item: Fornecimento e transporte de todos os materiais e equipamentos + mão de obra + encargos sociais + encargos complementares. No preço unitário estão incluidos todos os componentes necessários para execução de cada serviço, mesmo aqueles que embora não citados sejam indispensáveis para o seu desenvolvimento.
A100: 3) Os Encargos complementares são custos associados à mão de obra - alimentação, transporte, equipamentos de proteção individual, ferramentas e outros.
A101: 4) O BDI adotado foi de 31,41%, com desoneração, conforme Acórdão nº 2622/2013 e Lei 13.161 de 31/08/15. Os percentuais adotados para o cálculo do BDI estão detalhados em planilha anexa. Conforme legislação tributária Municipal, a base de cálculo do ISS corresponde a 90,00% do valor deste tipo de obra e, sobre esta base, incide ISS com alíquota de 5,00%.
A103: 5) A Contribuição Previdenciária sobre a Receita Bruta (CPRB) - Lei 13.161/2015, desonera a folha de salários de diversas atividades econômicas da construção civil e impacta no cálculo do BDI mediante a majoração do percentual correspondente à 4,5% sobre o preço total da obra, em substituição à contribuição previdenciária patronal de 20% prevista nos encargos sociais.
A105: 6) Os serviços deverão ser executados rigorosamente conforme Planilha Orçamentária, Especificação Técnica e Projetos.
A106: 7) Caso a Fiscalização Municipal entenda como inviável a execução de algum item previsto nesta planilha, a Prefeitura Municipal reserva-se o direito de realizar supressão total ou parcial do(s) mesmo(s), de acordo com os limites estabelecidos pela Lei nº 8.666/93.
...

Sheet Memória de Cálculo
A1: ='Planilha Orçamentária'!A1:H3 -> PREFEITURA MUNICIPAL Secretaria de Obras e Serviços Urbanos
A4: ='Planilha Orçamentária'!A4:H4 -> OBRA POR EXECUÇÃO INDIRETA
A5: ='Planilha Orçamentária'!A5:H5 -> Setor requisitante: Secretaria de Desenvolvimento Econômico e Social
A6: ='Planilha Orçamentária'!A6:A7 -> Objeto: | B6: ='Planilha Orçamentária'!B6:E7 -> Reforma do Conselho Tutelar dos Direitos da Criança e do Adolescente de Nova Era/MG | H6: ='Planilha Orçamentária'!F6 -> BDI: | I6: ='Planilha Orçamentária'!G6 -> 0.3141 | J6: ='Planilha Orçamentária'!H6 -> 43714
A8: MEMÓRIA DE CÁLCULO
A10: ='Planilha Orçamentária'!A10 -> 1 | B10: ='Planilha Orçamentária'!C10 -> MOBILIZAÇÃO E DESMOBILIZAÇÃO
A11: ='Planilha Orçamentária'!A11 -> 1.1 | B11: ='Planilha Orçamentária'!C11 -> Mobilização e desmobilização de obra - para obras até o valor de R$1.000.000,00 - 1,5% do custo direto da obra
A12: Detalhe | D12: Custo direto da obra (com BDI) | F12: Custo direto da obra (sem BDI) | H12: =B11 -> Mobilização e desmobilização de obra - para obras até o valor de R$1.000.000,00 - 1,5% do custo direto da obra | L12: • • •
A13: 1.5 | D13: ='Planilha Orçamentária'!H16+'Planilha Orçamentária'!H29+'Planilha Orçamentária'!H44+'Planilha Orçamentária'!H51+'Planilha Orçamentária'!H57+'Planilha Orçamentária'!H62+'Planilha Orçamentária'!H68+'Planilha Orçamentária'!H75+'Planilha Orçamentária'!H87+'Planilha Orçamentária'!H94 -> 67841.876 | F13: =D13-((D13*I6)) -> 46532.743 | H13: =(F13*A13)/100 -> 697.99114
A14: ='Planilha Orçamentária'!A13 -> 2. | B14: ='Planilha Orçamentária'!C13 -> CANTEIRO DE OBRAS
A15: ='Planilha Orçamentária'!A14 -> 2.1 | B15: ='Planilha Orçamentária'!C14 -> Banheiro químico 110 X 120 X 230 cm com manutenção
A16: Detalhe | D16: Extensão | E16: Largura | F16: Altura | G16: Quantidade | H16: Lados | I16: Área | J16: Total
A17: Período de execução da obra, conforme cronograma | G17: 3 | J17: =((PRODUCT(D17:H17))+I17) -> 3
A18: TOTAL - mês | J18: =SUM(J17) -> 3
A19: ='Planilha Orçamentária'!A15 -> 2.2 | B19: ='Planilha Orçamentária'!C15 -> Placa de obra em chapa de aço galvanizado - 3,00 x 1,50m, conforme modelo da Prefeitura
A20: Detalhe | D20: Extensão | E20: Largura | F20: Altura | G20: Quantidade | H20: Lados | I20: Área | J20: Total
A21: Placa de obra em chapa de aço galvanizado | E21: 3 | F21: 1.5 | J21: =((PRODUCT(D21:H21))+I21) -> 4.5
A22: TOTAL - m2 | J22: =SUM(J21) -> 4.5
A23: ='Planilha Orçamentária'!A17 -> 3. | B23: ='Planilha Orçamentária'!C17 -> SERVIÇOS PRELIMINARES
A24: ='Planilha Orçamentária'!A18 -> 3.1 | B24: ='Planilha Orçamentária'!C18 -> Demolição de concreto armado, com equipamento elétrico, inclusive afastamento
A25: Detalhe | D25: Extensão | E25: Largura | F25: Altura | G25: Quantidade | H25: Lados | I25: Área | J25: Total
A26: Pilares portão de entrada | D26: 0.25 | E26: 0.25 | F26: 1.7 | G26: 2 | J26: =((PRODUCT(D26:H26))+I26) -> 0.2125
A27: Cinta cerca testada do lote | D27: =6.33-0.85 -> 5.48 | E27: 0.15 | F27: 0.15 | J27: =((PRODUCT(D27:H27))+I27) -> 0.1233
A28: TOTAL - m3 | J28: =SUM(J26:J27) -> 0.3358
A29: ='Planilha Orçamentária'!A19 -> 3.2 | B29: ='Planilha Orçamentária'!C19 -> Demolição de concreto simples, com equipamento elétrico, inclusive afastamento
A30: Detalhe | D30: Extensão | E30: Largura | F30: Altura | G30: Quantidade | H30: Lados | I30: Área | J30: Total
A31: Demolição de passeio no fundo da edificação | D31: 6.343 | E31: 1 | F31: 0.06 | J31: =((PRODUCT(D31:H31))+I31) -> 0.38058
A32: Demolição de passeio no fundo da edificação | D32: 0.2 | E32: 1 | F32: 0.06 | J32: =((PRODUCT(D32:H32))+I32) -> 0.012
A33: Demolição de passeio - Quadros | D33: 1 | E33: 1 | G33: 8 | J33: =((PRODUCT(D33:H33))+I33) -> 8
A34: TOTAL - m3 | J34: =SUM(J31:J33) -> 8.39258
A35: ='Planilha Orçamentária'!A20 -> 3.3 | B35: ='Planilha Orçamentária'!C20 -> Demolição de piso cerâmico ou ladrilho hidráulico, inclusive afastamento
A36: Detalhe | D36: Extensão | E36: Largura | F36: Altura | G36: Quantidade | H36: Lados | I36: Área | J36: Total
A37: Alvenaria (Divisória) - Recepção/Sala de Espera | D37: 4.52 | E37: 0.2 | J37: =((PRODUCT(D37:H37))+I37) -> 0.904
A38: Alvenaria (Acabamento) - Recepção | D38: 0.4059 | E38: 0.2 | J38: =((PRODUCT(D38:H38))+I38) -> 0.08118
A39: TOTAL - m2 | J39: =SUM(J37:J38) -> 0.98518
A40: ='Planilha Orçamentária'!A21 -> 3.4 | B40: ='Planilha Orçamentária'!C21 -> Demolição de reboco inclusive afastamento
A41: Detalhe | D41: Extensão | E41: Largura | F41: Altura | G41: Quantidade | H41: Lados | I41: Área | J41: Total
A42: Recepção - Parede Fundo | D42: 2 | F42: 1 | J42: =((PRODUCT(D42:H42))+I42) -> 2
A43: Sala 02 - Parede PC | D43: 3.521 | F43: 0.5 | J43: =((PRODUCT(D43:H43))+I43) -> 1.7605
A44: Sala de Espera - Parede de divisa com a sala 02 | D44: 0.25 | F44: 0.25 | G44: 2 | J44: =((PRODUCT(D44:H44))+I44) -> 0.125
A45: TOTAL - m2 | J45: =SUM(J42:J44) -> 3.8855
A46: ='Planilha Orçamentária'!A22 -> 3.5 | B46: ='Planilha Orçamentária'!C22 -> Demolição de revestimento cerâmico, azulejo ou ladrilho hidráulico inclusive afastamento
A47: Detalhe | D47: Extensão | E47: Largura | F47: Altura | G47: Quantidade | H47: Lados | I47: Área | J47: Total
A48: Revestimento cerâmico - Cozinha | D48: =1.798+0.608 -> 2.406 | F48: 0.4 | J48: =((PRODUCT(D48:H48))+I48) -> 0.9624
A49: TOTAL - m2 | J49: =SUM(J48) -> 0.9624
A50: ='Planilha Orçamentária'!A23 -> 3.6 | B50: ='Planilha Orçamentária'!C23 -> Demolição de rodapé em geral, inclusive argamassa de assentamento e afastamento
A51: Detalhe | D51: Extensão | E51: Largura | F51: Altura | G51: Quantidade | H51: Lados | I51: Área | J51: Total
A52: Recepção/Hall | D52: =13.2021-(4*0.7)-(1*0.8) -> 9.6021 | J52: =((PRODUCT(D52:H52))+I52) -> 9.6021
A53: Sala de Espera | D53: =11.183-0.8 -> 10.383 | J53: =((PRODUCT(D53:H53))+I53) -> 10.383
A54: Abaixo da pia da cozinha para execução de armário | D54: =1.798+0.538 -> 2.336 | J54: =((PRODUCT(D54:H54))+I54) -> 2.336
A55: TOTAL - m | J55: =SUM(J52:J54) -> 22.3211
A56: ='Planilha Orçamentária'!A24 -> 3.7 | B56: ='Planilha Orçamentária'!C24 -> Remoção de cerca e portão, inclusive afastamento
A57: Detalhe | D57: Extensão | E57: Largura | F57: Altura | G57: Quantidade | H57: Lados | I57: Área | J57: Total
A58: Fachada | D58: 15.413 | F58: 1.66 | J58: =((PRODUCT(D58:H58))+I58) -> 25.58558
A59: Lateral | D59: 15.6635 | F59: 1.95 | J59: =((PRODUCT(D59:H59))+I59) -> 30.543825
A60: TOTAL - m2 | J60: =SUM(J58:J59) -> 56.129405
A61: ='Planilha Orçamentária'!A25 -> 3.8 | B61: ='Planilha Orçamentária'!C25 -> Remoção de divisória de madeira, inclusive afastamento
A62: Detalhe | D62: Extensão | E62: Largura | F62: Altura | G62: Quantidade | H62: Lados | I62: Área | J62: Total
A63: Divisória - Recepção/Sala de Espera | D63: 3.47 | F63: 2.11 | J63: =((PRODUCT(D63:H63))+I63) -> 7.3217
A64: TOTAL - m2 | J64: =SUM(J63) -> 7.3217
A65: ='Planilha Orçamentária'!A26 -> 3.9 | B65: ='Planilha Orçamentária'!C26 -> Remoção de louças (lavatório, banheira, pia, vaso sanitário, tanque)
A66: Detalhe | D66: Extensão | E66: Largura | F66: Altura | G66: Quantidade | H66: Lados | I66: Área | J66: Total
A67: Banheiro - Pia | G67: 1 | J67: =((PRODUCT(D67:H67))+I67) -> 1
A68: Banheiro - Vaso Sanitário | G68: 1 | J68: =((PRODUCT(D68:H68))+I68) -> 1
A69: TOTAL - unid | J69: =SUM(J67:J68) -> 2
A70: ='Planilha Orçamentária'!A27 -> 3.10 | B70: ='Planilha Orçamentária'!C27 -> Remoção de metais comuns (conduíte, sifão, registro, torneiras)
A71: Detalhe | D71: Extensão | E71: Largura | F71: Altura | G71: Quantidade | H71: Lados | I71: Área | J71: Total
A72: Banheiro - Torneira | G72: 1 | J72: =((PRODUCT(D72:H72))+I72) -> 1
A73: TOTAL - unid | J73: =SUM(J72:J72) -> 1
A74: ='Planilha Orçamentária'!A28 -> 3.11 | B74: ='Planilha Orçamentária'!C28 -> Remoção de metais especiais (válvula de descarga, caixa silenciosa)
A75: Detalhe | D75: Extensão | E75: Largura | F75: Altura | G75: Quantidade | H75: Lados | I75: Área | J75: Total
A76: Banheiro - Válvula de descarga | G76: 1 | J76: =((PRODUCT(D76:H76))+I76) -> 1
A77: TOTAL - unid | J77: =SUM(J76) -> 1
A78: ='Planilha Orçamentária'!A30 -> 4. | B78: ='Planilha Orçamentária'!C30 -> SERVIÇOS DIVERSOS
A79: ='Planilha Orçamentária'!A31 -> 4.1 | B79: ='Planilha Orçamentária'!C31 -> Armário em MDF, dimensões de 179,8x53,8x79,4 (extensão x largura x altura), na cor branco, 2 portas de abrir, com 4 gavetas, inclusive fornecimento e assentamento, conforme Projeto Arquitetônico
A80: Detalhe | D80: Extensão | E80: Largura | F80: Altura | G80: Quantidade | H80: Lados | I80: Área | J80: Total
A81: Sob a pia da cozinha | G81: 1 | J81: =((PRODUCT(D81:H81))+I81) -> 1
A82: TOTAL - m2 | J82: =SUM(J81) -> 1
A83: ='Planilha Orçamentária'!A32 -> 4.2 | B83: ='Planilha Orçamentária'!C32 -> Bancada em granito verde Bahia, espessura 3 cm, apoiada em barras de matalon, inclusive fornecimento e assentamento, conforme Projeto Arquitetônico
A84: Detalhe | D84: Extensão | E84: Largura | F84: Altura | G84: Quantidade | H84: Lados | I84: Área | J84: Total
A85: Banheiro - Dimensões 1,00 x 0,45 m + 1 cm de profundidade para engastar a bancada na parede | D85: 1.01 | E85: 0.46 | J85: =((PRODUCT(D85:H85))+I85) -> 0.4646 | L85: • •
A86: Cozinha - Dimensões 0,50 x 2,00 m (chanfrado) + 1 cm de profundidade para engastar a bancada na parede | I86: 0.9556 | J86: =((PRODUCT(D86:H86))+I86) -> 0.9556 | L86: • •
A87: Sala 02 - Dimensões 0,50 x 2,60 m + 1 cm de profundidade para engastar a bancada na parede | D87: 2.61 | E87: 0.51 | J87: =((PRODUCT(D87:H87))+I87) -> 1.3311 | L87: • •
A88: Sala de Espera - Dimensões 0,50 x 1,50 m + 1 cm de profundidade para engastar a bancada na parede | D88: 1.21 | E88: 0.51 | J88: =((PRODUCT(D88:H88))+I88) -> 0.6171 | L88: • •
A89: TOTAL - m2 | J89: =SUM(J85:J88) -> 3.3684
A90: ='Planilha Orçamentária'!A33 -> 4.3 | B90: ='Planilha Orçamentária'!C33 -> Banco em alvenaria de blocos de concreto e = 0,19, cheios em concreto Fck ≥ 15 Mpa, dimensões 243 x 42 x 63cm (comprimento x altura x largura), incluindo almofada com espuma densidade 33. (Para sala 01)
A91: Detalhe | D91: Extensão | E91: Largura | F91: Altura | G91: Quantidade | H91: Lados | I91: Área | J91: Total
A92: Sala 01 | G92: 1 | J92: =((PRODUCT(D92:H92))+I92) -> 1
A93: TOTAL - m2 | J93: =SUM(J92) -> 1
A94: ='Planilha Orçamentária'!A34 -> 4.4 | B94: ='Planilha Orçamentária'!C34 -> Banco em alvenaria de blocos de concreto e = 0,19, cheios em concreto Fck ≥ 15 Mpa, formato em L, inclusive granito verde Bahia e=3cm (Para sala de espera)
A95: Detalhe | D95: Extensão | E95: Largura | F95: Altura | G95: Quantidade | H95: Lados | I95: Área | J95: Total
A96: Sala de espera | G96: 1 | J96: =((PRODUCT(D96:H96))+I96) -> 1
A97: TOTAL - m2 | J97: =SUM(J96) -> 1
A98: ='Planilha Orçamentária'!A35 -> 4.5 | B98: ='Planilha Orçamentária'!C35 -> Corte, dobra e montagem de aço CA-50/60
A99: Detalhe | D99: Extensão | E99: Largura | F99: Altura | G99: Volume concreto | H99: Kg de aço / m³ | I99: Área | J99: Total
A100: Eventuais reforços na estrutura do imóvel | G100: =J114 -> 1.2 | H100: 60 | J100: =((PRODUCT(D100:H100))+I100) -> 72
A101: TOTAL - Kg | J101: =SUM(J100) -> 72
A102: ='Planilha Orçamentária'!A36 -> 4.6 | B102: ='Planilha Orçamentária'!C36 -> Formas planas de madeira de pínus (execução, incluindo desforma, fornecimento e transporte de todos os materiais), com reaproveitamento 3x
A103: Detalhe | D103: Extensão | E103: Largura | F103: Altura | G103: Quantidade | H103: Lados | I103: Área | J103: Total
A104: Base Armário Planejado Pia da Cozinha | D104: 1.798 | F104: 0.1 | J104: =((PRODUCT(D104:H104))+I104) -> 0.1798
...

Sheet Composição
A1: PREFEITURA MUNICIPAL Secretaria de Obras e Serviços Urbanos
A4: ='Planilha Orçamentária'!A4:H4 -> OBRA POR EXECUÇÃO INDIRETA
A5: ='Planilha Orçamentária'!A5:H5 -> Setor requisitante: Secretaria de Desenvolvimento Econômico e Social
A6: ='Planilha Orçamentária'!A6:A7 -> Objeto: | B6: ='Planilha Orçamentária'!B6:E7 -> Reforma do Conselho Tutelar dos Direitos da Criança e do Adolescente de Nova Era/MG | F6: ='Planilha Orçamentária'!F6:F7 -> BDI: | G6: ='Planilha Orçamentária'!G6:G7 -> 0.3141 | H6: ='Planilha Orçamentária'!H6:H7 -> 43714
A8: COMPOSIÇÃO DE CUSTOS
A10: ='Planilha Orçamentária'!A30 -> 4. | B10: ='Planilha Orçamentária'!C30 -> SERVIÇOS DIVERSOS
A11: Item | B11: Descrição do serviço | G11: Unidade | H11: Custo unitário do serviço
A13: ='Planilha Orçamentária'!A33 -> 4.3 | B13: ='Planilha Orçamentária'!C33 -> Banco em alvenaria de blocos de concreto e = 0,19, cheios em concreto Fck ≥ 15 Mpa, dimensões 243 x 42 x 63cm (comprimento x altura x largura), incluindo almofada com espuma densidade 33. (Para sala 01) | G13: ='Planilha Orçamentária'!E33 -> unid | H13: =H35 -> 1115.5669
A15: Referência coeficiente | B15: Referência custo unitário | C15: Descrição do insumo / serviço | E15: Unidade | F15: Coeficiente | G15: Custo unitário (R$) | H15: Custo total (R$)
A17: COMPOSIÇÃO | B17: ALV-EST-030 | C17: Alvenaria de bloco de concreto cheio sem armação, em concreto com fck ≥ 15 Mpa, esp 19 cm, para revestimento, inclusive argamassa para assentamento • Memória de Cálculo (Conforme AutoCAD): ◦ (Extensão x Altura) x Qtd. → (2,40 x 0,60) x 3 | E17: m2 | F17: =(2.4*0.6)*3 -> 4.32 | G17: 99 | H17: =F17*G17 -> 427.68
A21: COMPOSIÇÃO | B21: MERCADO | C21: Almofada com espuma densidade 33, revestimento couro ecológico, preto. Dimensões 0,63 x 2,43 x 0,10 cm (largura x comprimento x espessura) | E21: unid | F21: 1 | G21: =Cotações!H20 -> 613.33333 | H21: =F21*G21 -> 613.33333
A23: COMPOSIÇÃO | B23: SIN-87878 | C23: Chapisco aplicado em alvenaria e estruturas de concreto, com colher de pedreiro, argamassa traço 1:3 de cimento e areia, preparo manual • Memória de Cálculo (Conforme AutoCAD): ◦ Face 01 → (0,40 x 2,40) ◦ Face 02 → (0,40 x 0,60) ◦ Face Superior → (2,43 x 0,63) | E23: m2 | F23: =(0.4*2.4)+(0.4*0.6)+(2.43*0.63) -> 2.7309 | G23: 2.91 | H23: =F23*G23 -> 7.946919
A29: COMPOSIÇÃO | B29: SIN-87529 | C29: Reboco para recebimento de pintura, em argamassa traço 1:2:8, preparo mecânico com betoneira 400l, aplicada manualmente em faces internas de paredes, espessura de 20mm, com execução de taliscas • Memória de Cálculo (Conforme AutoCAD): ◦ Face 01 → (0,40 x 2,40) ◦ Face 02 → (0,40 x 0,60) ◦ Face Superior → (2,43 x 0,63) | E29: m2 | F29: =(0.4*2.4)+(0.4*0.6)+(2.43*0.63) -> 2.7309 | G29: 24.39 | H29: =F29*G29 -> 66.606651
A35: SUB TOTAL: | H35: =SUM(H17:H34) -> 1115.5669
A36: Item | B36: Descrição do serviço | G36: Unidade | H36: Custo unitário do serviço
A38: ='Planilha Orçamentária'!A34 -> 4.4 | B38: ='Planilha Orçamentária'!C34 -> Banco em alvenaria de blocos de concreto e = 0,19, cheios em concreto Fck ≥ 15 Mpa, formato em L, inclusive granito verde Bahia e=3cm (Para sala de espera) | G38: ='Planilha Orçamentária'!E9 -> Unidade | H38: =H65 -> 703.9639
A40: Referência coeficiente | B40: Referência custo unitário | C40: Descrição do insumo / serviço | E40: Unidade | F40: Coeficiente | G40: Custo unitário (R$) | H40: Custo total (R$)
A42: COMPOSIÇÃO | B42: ALV-EST-030 | C42: Alvenaria de bloco de concreto cheio sem armação, em concreto com fck 15 Mpa, esp 19 cm, para revestimento, inclusive argamassa para assentamento • Memória de Cálculo (Conforme AutoCAD): ◦ (Extensão x Altura) x Qtd. → (0,40 x 0,40) x 10 ◦ (Extensão x Altura) x Qtd. → (0,40 x 0,40) x 05 | E42: m2 | F42: =((0.41*0.4)*10)+((0.41*0.4)*5) -> 2.46 | G42: 99 | H42: =F42*G42 -> 243.54
A47: COMPOSIÇÃO | B47: BAN-GRA-010 | C47: Bancada em granito verde Bahia e = 3 cm, apoiada em alvenaria • Memória de Cálculo (Conforme AutoCAD): ◦ Extensão x Largura → (2,04 x 0,44) ◦ Extensão x Largura → (1,03 x 0,44) | E47: m2 | F47: =(2.04*0.44)+(1.03*0.44) -> 1.3508 | G47: 289.57 | H47: =F47*G47 -> 391.15116
A51: COMPOSIÇÃO | B51: SIN-87878 | C51: Chapisco aplicado em alvenaria e estruturas de concreto, com colher de pedreiro, argamassa traço 1:3 de cimento e areia, preparo manual • Memória de Cálculo (Conforme AutoCAD): ◦ Face 01 → (0,40 x 0,410) ◦ Face 02 → (0,40 x 1,615) ◦ Face 03 → (0,40 x 1,010) ◦ Face 04 → (0,40 x 0,410) | E51: m2 | F51: =(0.4*0.41)+(0.4*1.615)+(0.4*1.01)+(0.4*0.41) -> 1.378 | G51: 2.91 | H51: =F51*G51 -> 4.00998
A58: COMPOSIÇÃO | B58: SIN-87529 | C58: Reboco para recebimento de pintura, em argamassa traço 1:2:8, preparo mecânico com betoneira 400l, aplicada manualmente em faces internas de paredes, espessura de 20mm, com execução de taliscas • Memória de Cálculo (Conforme AutoCAD): ◦ Face 01 → (0,40 x 0,40) ◦ Face 02 → (0,40 x 1,60) ◦ Face 03 → (0,40 x 1,00) ◦ Face 04 → (0,40 x 0,40) ◦ Face Superior → (2,03 x 0,43) + (1,03 x 0,43) | E58: m2 | F58: =(0.4*0.4)+(0.4*1.6)+(0.4*1)+(0.4*0.4)+(2.03*0.43)+(1.03*0.43) -> 2.6758 | G58: 24.39 | H58: =F58*G58 -> 65.262762
A65: SUB TOTAL: | H65: =SUM(H42:H64) -> 703.9639
A66: Item | B66: Descrição do serviço | G66: Unidade | H66: Custo unitário do serviço
A68: ='Memória de Cálculo'!A121 -> 4.9 | B68: ='Memória de Cálculo'!B121 -> Instalação de régua de 10 x 1,7 cm (peroba rosa ou paraju) canto boleado, inclusive aplicação de verniz, fornecimento e assentamento. | G68: m | H68: =H75 -> 34.9598
A70: Referência coeficiente | B70: Referência custo unitário | C70: Descrição do insumo / serviço | E70: Unidade | F70: Coeficiente | G70: Custo unitário (R$) | H70: Custo total (R$)
A72: ED-50876 | B72: SEE-REG-005 | C72: Régua de 10 x 1,7 cm (peroba rosa ou paraju) canto boleado | E72: m | F72: 1 | G72: 19.77 | H72: =F72*G72 -> 19.77
A73: ED-50528 | B73: PIN-VER-020 | C73: Pintura com verniz sintético marítimo em esquadrias de madeira, duas (2) demãos, acabamento tipo fosco | E73: m | F73: 1 | G73: 14.91 | H73: =F73*G73 -> 14.91
A74: COMPOSIÇÃO | B74: SIN 88242 | C74: Ajudante de pedreiro com encargos complementares | E74: h | F74: 0.02 | G74: 13.99 | H74: =F74*G74 -> 0.2798
A75: SUB TOTAL: | H75: =SUM(H72:H74) -> 34.9598
A76: ='Planilha Orçamentária'!A52 -> 6. | B76: ='Planilha Orçamentária'!C52 -> REFORMA DE TELHADO
A77: Item | B77: Descrição do serviço | G77: Unidade | H77: Custo unitário do serviço
A79: ='Planilha Orçamentária'!A56 -> 6.4 | B79: ='Planilha Orçamentária'!C56 -> Manutenção de telhado colonial, incluindo fornecimento e substituição de telhas quebradas, com utilização de pigmento em pó Xadrez ou similar | G79: m2 | H79: =H87 -> 9.2319163
A81: Referência coeficiente | B81: Referência custo unitário | C81: Descrição do insumo / serviço | E81: Unidade | F81: Coeficiente | G81: Custo unitário (R$) | H81: Custo total (R$)
A83: COMPOSIÇÃO | B83: SIN-88323 | C83: Telhadista com encargos complementares | E83: h | F83: 0.1 | G83: 20.19 | H83: =F83*G83 -> 2.019
A84: COMPOSIÇÃO | B84: MAO-AJD-025 | C84: Ajudante de telhadista com encargos complementares | E84: h | F84: 0.1 | G84: 15.17 | H84: =F84*G84 -> 1.517
A85: COMPOSIÇÃO | B85: COB-TEL-005 | C85: Recomposição de telha quebrada (incluindo fornecimento da telha) | E85: m2 | F85: =5/'Memória de Cálculo'!J209 -> 0.057165135 | G85: 45.82 | H85: =F85*G85 -> 2.6193065
A86: COMPOSIÇÃO | B86: COB-EMB-005 | C86: Emboçamento da última fiada de telha cerâmica com argamassa de cimento, cal hidratada e areia sem peneirar, no traço 1:2:9 | E86: m | F86: =(10.3812+10.3687+2.6078+2.6078)/86 -> 0.30192442 | G86: 10.19 | H86: =F86*G86 -> 3.0766098
A87: SUB TOTAL: | H87: =SUM(H83:H86) -> 9.2319163
A88: ='Planilha Orçamentária'!A63 -> 8. | B88: ='Planilha Orçamentária'!C63 -> ESQUADRIAS E GRADE
A89: Item | B89: Descrição do serviço | G89: Unidade | H89: Custo unitário do serviço
A91: ='Planilha Orçamentária'!A67 -> 8.4 | B91: ='Planilha Orçamentária'!C67 -> Porta de correr, madeira de lei prancheta para pintura, completa, 90 x 210 cm, embutida, inclusive fornecimento e assentamento | G91: unid | H91: =H108 -> 657.55893
A93: Referência coeficiente | B93: Referência custo unitário | C93: Descrição do insumo / serviço | E93: Unidade | F93: Coeficiente | G93: Custo unitário (R$) | H93: Custo total (R$)
A95: ED-49603 | B95: MATED-11248 | C95: Areia lavada posto obra - Tipo: Média | E95: m3 | F95: 0.011 | G95: 66 | H95: =F95*G95 -> 0.726
A96: ED-49603 | B96: MATED-11256 | C96: Cal hidratada - Tipo: CH-III | E96: kg | F96: 1.72 | G96: 0.58 | H96: =F96*G96 -> 0.9976
A97: ED-49603 | B97: MATED-11258 | C97: Cimento Portland CP-II-E-32 - Resistência: 32 Mpa | E97: kg | F97: 1.72 | G97: 0.35 | H97: =F97*G97 -> 0.602
A98: COMPOSIÇÃO | B98: MERCADO | C98: Fechadura porta de correr com lingueta expansiva em inox acab. Cromado | E98: unid | F98: 1 | G98: =Cotações!H45 -> 70.086667 | H98: =F98*G98 -> 70.086667
A99: COMPOSIÇÃO | B99: MERCADO | C99: Kit porta de correr contendo trilho no tamanho de 200 cm, 01 par de roldanas, 01 guia reto, 01 limitador, 01 guia "U" | E99: unid | F99: 1 | G99: =Cotações!H51 -> 116.66667 | H99: =F99*G99 -> 116.66667
A100: COMPOSIÇÃO | B100: ESQ-MAR-020 | C100: Marco em madeira de lei para pintura, L = 20 cm, 90 x 210 cm | E100: unid | F100: 1 | G100: 136.72 | H100: =F100*G100 -> 136.72
A101: COMPOSIÇÃO | B101: MERCADO | C101: Porta Prancheta 90 x 210 cm | E101: unid | F101: 1 | G101: =Cotações!H57 -> 135 | H101: =F101*G101 -> 135
A102: ED-49603 | B102: MATED-11332 | C102: Prego 18 x 30 - Comprimento: 69,0 mm / Diâmetro: 3,4 mm | E102: kg | F102: 0.2 | G102: 8.26 | H102: =F102*G102 -> 1.652
A103: COMPOSIÇÃO | B103: ESQ-REG-005 | C103: Régua para alisares de 5 x 1 cm de madeira de lei para pintura colocado | E103: cj | F103: 1 | G103: 32.04 | H103: =F103*G103 -> 32.04
A104: ED-49603 | B104: ED-50361 | C104: Ajudante de carpinteiro com encargos complementares | E104: h | F104: 3.75 | G104: 15.17 | H104: =F104*G104 -> 56.8875
A105: ED-49603 | B105: ED-50371 | C105: Carpinteiro de esquadria com encargos complementares | E105: h | F105: 3.75 | G105: 16.51 | H105: =F105*G105 -> 61.9125
A106: ED-49603 | B106: ED-50381 | C106: Pedreiro com encargos complementares | E106: h | F106: 1.4 | G106: 18.36 | H106: =F106*G106 -> 25.704
A107: ED-49603 | B107: ED-50367 | C107: Servente com encargos complementares | E107: h | F107: 1.4 | G107: 13.26 | H107: =F107*G107 -> 18.564
A108: SUB TOTAL: | H108: =SUM(H95:H107) -> 657.55893
A109: ='Memória de Cálculo'!A270 -> 10. | B109: ='Memória de Cálculo'!B270:J270 -> INSTALAÇÕES ELÉTRICAS
A110: Item | B110: Descrição do serviço | G110: Unidade | H110: Custo unitário do serviço
A112: ='Planilha Orçamentária'!A80 -> 10.4 | B112: ='Planilha Orçamentária'!C80 -> Instalação de lâmpada LED - 18W - Comprimento = 1,20 metros, inclusive remoção de lâmpadas e soquetes existentes, fornecimento e instalação de soquetes novos se necessário. | G112: unid | H112: =H119 -> 27.784
A114: Referência coeficiente | B114: Referência custo unitário | C114: Descrição do insumo / serviço | E114: Unidade | F114: Coeficiente | G114: Custo unitário (R$) | H114: Custo total (R$)
A116: COMPOSIÇÃO | B116: MERCADO | C116: Lâmpada LED - 18W - Comprimento = 1,20 m | E116: unid | F116: 1 | G116: =Cotações!H66 -> 22.3 | H116: =F116*G116 -> 22.3
A117: COMPOSIÇÃO | B117: MERCADO | C117: Soquete para lâmpada, inclusive fornecimento e instalação | E117: unid | F117: 2 | G117: 2 | H117: =F117*G117 -> 4
A118: ED-50373 | B118: MAO-OFC-035 | C118: Eletricista com encargos complementares | E118: h | F118: 0.08 | G118: 18.55 | H118: =F118*G118 -> 1.484
A119: SUB TOTAL: | H119: =SUM(H116:H118) -> 27.784
A121: Item | B121: Descrição do serviço | G121: Unidade | H121: Custo unitário do serviço
A123: ='Planilha Orçamentária'!A81 -> 10.5 | B123: ='Planilha Orçamentária'!C81 -> Instalação de lâmpada LED - 9W - Base E27, inclusive remoção de lâmpadas e soquetes existentes, fornecimento e instalação de soquetes novos | G123: unid | H123: =H130 -> 15.367333
A125: Referência coeficiente | B125: Referência custo unitário | C125: Descrição do insumo / serviço | E125: Unidade | F125: Coeficiente | G125: Custo unitário (R$) | H125: Custo total (R$)
A127: COMPOSIÇÃO | B127: MERCADO | C127: Lâmpada LED - 9W - E27 | E127: unid | F127: 1 | G127: =Cotações!H75 -> 8.8833333 | H127: =F127*G127 -> 8.8833333
A128: COMPOSIÇÃO | B128: MERCADO | C128: Soquete E27 para lâmpada led, inclusive fornecimento e instalação | E128: unid | F128: 1 | G128: 5 | H128: =F128*G128 -> 5
A129: ED-50373 | B129: MAO-OFC-035 | C129: Eletricista com encargos complementares | E129: h | F129: 0.08 | G129: 18.55 | H129: =F129*G129 -> 1.484
A130: SUB TOTAL: | H130: =SUM(H127:H129) -> 15.367333

Sheet Cotações
A1: PREFEITURA MUNICIPAL Secretaria de Obras e Serviços Urbanos
A4: ='Planilha Orçamentária'!A4:H4 -> OBRA POR EXECUÇÃO INDIRETA
A5: ='Planilha Orçamentária'!A5:H5 -> Setor requisitante: Secretaria de Desenvolvimento Econômico e Social
A6: ='Planilha Orçamentária'!A6:A7 -> Objeto: | B6: ='Planilha Orçamentária'!B6:E7 -> Reforma do Conselho Tutelar dos Direitos da Criança e do Adolescente de Nova Era/MG | F6: ='Planilha Orçamentária'!F6:F7 -> BDI: | G6: ='Planilha Orçamentária'!G6:G7 -> 0.3141 | H6: ='Planilha Orçamentária'!H6:H7 -> 43714
A8: COTAÇÕES
A10: Item | B10: Descrição de serviço ou fornecimento | G10: Unidade | H10: Custo unitário médio | J10: • •
A11: ='Planilha Orçamentária'!A31 -> 4.1 | B11: ='Planilha Orçamentária'!C31 -> Armário em MDF, dimensões de 179,8x53,8x79,4 (extensão x largura x altura), na cor branco, 2 portas de abrir, com 4 gavetas, inclusive fornecimento e assentamento, conforme Projeto Arquitetônico | G11: Unid | H11: =AVERAGE(H13:H15) -> 1116.6667 | J11: • •
A12: CNPJ | B12: Nome da empresa fornecedora | E12: Telefone | F12: Contato | G12: Data da cotação | H12: Preço cotado (R$)
A13: - | B13: Marcenaria Criativa | E13: (31) 99531-5148 | F13: Amarildo | G13: 43697 | H13: 770
A14: 08.681.864/0001-28 | B14: Decor Móveis | E14: (31) 3852-2600 | F14: - | G14: 43714 | H14: 1530
A15: 19.589.347/0001-40 | B15: Potência Móveis Planejados | E15: (31) 98773-8830 | F15: Flávia | G15: 43717 | H15: 1050
A16: Observações:
A18: Item | B18: Descrição de serviço ou fornecimento | G18: Unidade | H18: Custo unitário médio | J18: • •
A19: ='Planilha Orçamentária'!A33 -> 4.3 | B19: ='Planilha Orçamentária'!C33 -> Banco em alvenaria de blocos de concreto e = 0,19, cheios em concreto Fck ≥ 15 Mpa, dimensões 243 x 42 x 63cm (comprimento x altura x largura), incluindo almofada com espuma densidade 33. (Para sala 01) | J19: • •
A20: =Composição!A21 -> COMPOSIÇÃO | B20: =Composição!C21 -> Almofada com espuma densidade 33, revestimento couro ecológico, preto. Dimensões 0,63 x 2,43 x 0,10 cm (largura x comprimento x espessura) | G20: Unid | H20: =AVERAGE(H22:H24) -> 613.33333 | J20: • •
A21: CNPJ | B21: Nome da empresa fornecedora | E21: Telefone | F21: Contato | G21: Data da cotação | H21: Preço cotado (R$)
A22: - | B22: Loden Capotaria | E22: (31) 99604-7026 | F22: Lodinho | G22: 43697 | H22: 430
A23: 19.495.373/0001-09 | B23: Estofamento do Celso | E23: (31) 3851-3459 | F23: Celso | G23: 43719 | H23: 750
A24: - | B24: Capotaria Avenida | E24: (31) 3831-4196 | F24: Wiliane | G24: 43719 | H24: 660
A25: Observações:
A27: Item | B27: Descrição de serviço ou fornecimento | G27: Unidade | H27: Custo unitário médio | J27: • •
A28: ='Planilha Orçamentária'!A65 -> 8.2 | B28: ='Planilha Orçamentária'!C65 -> Grade em metalon #18 (30 x 20 mm) com portão, colunas #14 (50 x 50 mm) espaçadas a aproximadamente 2 metros, completo, incluindo fechadura externa, fornecimento e assentamento | G28: m2 | H28: =AVERAGE(H30:H32) -> 170.88338 | J28: • •
A29: CNPJ | B29: Nome da empresa fornecedora | E29: Telefone | F29: Contato | G29: Data da cotação | H29: Preço cotado (R$)
A30: - | B30: Serralheria São Geraldo | E30: (31) 99594-6874 | F30: Wellington | G30: 43682 | H30: =(9900/((15.55*2.4)+(16.15*2.4)+(2.52*2.4)+(1.48*2.4))) -> 115.54622
A31: - | B31: Comercial e Serralheria Trevo | E31: (31) 98895-5123 | F31: - | G31: 43718 | H31: =((1200+950)/((2.5*2.4)+(1.46*2.4))) -> 226.22054
A32: -
A33: Observações:
A35: Item | B35: Descrição de serviço ou fornecimento | G35: Unidade | H35: Custo unitário médio | J35: • •
A36: ='Planilha Orçamentária'!A66 -> 8.3 | B36: ='Planilha Orçamentária'!C66 -> Janela em vidro temperado e vidro liso comum, incolor 8mm, fixo, 0,80 x 0,54 m, com alumínio fosco, completa, para proteção do vão de atendimento na recepção | G36: Unid | H36: =AVERAGE(H38:H40) -> 136.66667 | J36: • •
A37: CNPJ | B37: Nome da empresa fornecedora | E37: Telefone | F37: Contato | G37: Data da cotação | H37: Preço cotado (R$)
A38: - | B38: Vidraçaria Pena | E38: (31) 99594-6874 | F38: - | G38: 43717 | H38: 110
A39: 11.417.880/0001-12 | B39: JM Vidros Ltda | E39: (31) 98562-0402 | F39: Priscila | G39: 43717 | H39: 210
A40: - | B40: Vidro Box | E40: (31) 3851-1098 | F40: - | G40: 43717 | H40: 90
A41: Observações:
A43: Item | B43: Descrição de serviço ou fornecimento | G43: Unidade | H43: Custo unitário médio | J43: • •
A44: ='Planilha Orçamentária'!A67 -> 8.4 | B44: ='Planilha Orçamentária'!C67 -> Porta de correr, madeira de lei prancheta para pintura, completa, 90 x 210 cm, embutida, inclusive fornecimento e assentamento | J44: • •
A45: =Composição!A98 -> COMPOSIÇÃO | B45: =Composição!C98 -> Fechadura porta de correr com lingueta expansiva em inox acab. Cromado | G45: Unid | H45: =AVERAGE(H47:H49) -> 70.086667 | J45: • •
A46: CNPJ | B46: Nome da empresa fornecedora | E46: Telefone | F46: Contato | G46: Data da cotação | H46: Preço cotado (R$)
A47: 22.627.343/0001-13 | B47: Cotta Materiais de Construção | E47: (31) 3861-2999 | F47: Rodrigo | G47: 43683 | H47: 106.36
A48: 24.231.276/0001-49 | B48: Ulete Mota e Cia Ltda | E48: (31) 3852-6101 | F48: - | G48: 43719 | H48: 65
B49: Fraga e Mendes | E49: (31) 3851-6428 | F49: - | G49: 43719 | H49: 38.9
A50: Observações:
A51: =Composição!A99 -> COMPOSIÇÃO | B51: =Composição!C99 -> Kit porta de correr contendo trilho no tamanho de 200 cm, 01 par de roldanas, 01 guia reto, 01 limitador, 01 guia "U" | G51: Unid | H51: =AVERAGE(H53:H55) -> 116.66667 | J51: • •
A52: CNPJ | B52: Nome da empresa fornecedora | E52: Telefone | F52: Contato | G52: Data da cotação | H52: Preço cotado (R$)
A53: 22.627.343/0001-13 | B53: Cotta Materiais de Construção | E53: (31) 3861-2999 | F53: Rodrigo | G53: 43683 | H53: 90
A54: - | B54: Madereira Dular | E54: (31) 3851-1633 | F54: Isabela | G54: 43719 | H54: 170
A55: - | B55: Madereira L e K | E55: (31) 3851-5660 | F55: Rafael | G55: 43719 | H55: 90
A56: Observações:
A57: =Composição!A101 -> COMPOSIÇÃO | B57: =Composição!C101 -> Porta Prancheta 90 x 210 cm | G57: Unid | H57: =AVERAGE(H59:H61) -> 135 | J57: • •
A58: CNPJ | B58: Nome da empresa fornecedora | E58: Telefone | F58: Contato | G58: Data da cotação | H58: Preço cotado (R$)
A59: 22.627.343/0001-13 | B59: Cotta Materiais de Construção | E59: (31) 3861-2999 | F59: Rodrigo | G59: 43683 | H59: 110
A60: - | B60: Fraga e Mendes | E60: (31) 3851-6428 | F60: - | G60: 43719 | H60: 135
A61: - | B61: Madereira Dular | E61: (31) 3851-1633 | F61: Isabela | G61: 43719 | H61: 160
A62: Observações:
A64: Item | B64: Descrição de serviço ou fornecimento | G64: Unidade | H64: Custo unitário médio | J64: • •
A65: ='Planilha Orçamentária'!A80 -> 10.4 | B65: ='Planilha Orçamentária'!C80 -> Instalação de lâmpada LED - 18W - Comprimento = 1,20 metros, inclusive remoção de lâmpadas e soquetes existentes, fornecimento e instalação de soquetes novos se necessário. | J65: • •
A66: =Composição!A116 -> COMPOSIÇÃO | B66: =Composição!C116 -> Lâmpada LED - 18W - Comprimento = 1,20 m | G66: Unid | H66: =AVERAGE(H68:H70) -> 22.3
A67: CNPJ | B67: Nome da empresa fornecedora | E67: Telefone | F67: Contato | G67: Data da cotação | H67: Preço cotado (R$)
A68: 24.231.276/0001-49 | B68: Ulete Mota e Cia Ltda | E68: (31) 3852-6101 | F68: - | G68: 43719 | H68: 20
A69: 11.998.501/0001-25 | B69: Hidroelétrica Monlevade | E69: (31) 3851-3324 | F69: - | G69: 43719 | H69: 25
A70: 06.249.677/0006-59 | B70: Sema Material Elétrico | E70: (31) 3852-3333 | F70: - | G70: 43719 | H70: 21.9
A71: Observações:
A73: Item | B73: Descrição de serviço ou fornecimento | G73: Unidade | H73: Custo unitário médio | J73: • •
A74: ='Planilha Orçamentária'!A81 -> 10.5 | B74: ='Planilha Orçamentária'!C81 -> Instalação de lâmpada LED - 9W - Base E27, inclusive remoção de lâmpadas e soquetes existentes, fornecimento e instalação de soquetes novos | J74: • •
A75: =Composição!A127 -> COMPOSIÇÃO | B75: =Composição!C127 -> Lâmpada LED - 9W - E27 | G75: Unid | H75: =AVERAGE(H77:H79) -> 8.8833333
A76: CNPJ | B76: Nome da empresa fornecedora | E76: Telefone | F76: Contato | G76: Data da cotação | H76: Preço cotado (R$)
A77: 24.231.276/0001-49 | B77: Ulete Mota e Cia Ltda | E77: (31) 3852-6101 | F77: - | G77: 43719 | H77: 8
A78: 11.998.501/0001-25 | B78: Hidroelétrica Monlevade | E78: (31) 3851-3324 | F78: - | G78: 43719 | H78: 9.75
A79: 06.249.677/0006-59 | B79: Sema Material Elétrico | E79: (31) 3852-3333 | F79: - | G79: 43719 | H79: 8.9
A80: Observações:

Sheet Cronograma
A1: PREFEITURA MUNICIPAL DE NOVA ERA Secretaria de Obras e Serviços Urbanos
A2: ANEXO XII - OBRA POR EXECUÇÃO INDIRETA
A3: Objeto: | B3: ='Planilha Orçamentária'!B6 -> Reforma do Conselho Tutelar dos Direitos da Criança e do Adolescente de Nova Era/MG | M3: BDI: | N3: ='Planilha Orçamentária'!G6 -> 0.3141 | O3: ='Planilha Orçamentária'!H6 -> 43714
A4: CRONOGRAMA FÍSICO / FINANCEIRO
A5: ITEM | B5: ETAPAS/ DESCRIÇÃO | C5: FÍSICO/ FINANCEIRO | D5: TOTAL ETAPAS | E5: MÊS 1 | F5: MÊS 2 | G5: MÊS 3 | H5: MÊS 4 | I5: MÊS 5 | J5: MÊS 6 | K5: MÊS 7 | L5: MÊS 8 | M5: MÊS 9 | N5: MÊS 10 | O5: MÊS 11 | P5: MÊS 12
A6: 1 | B6: ='Planilha Orçamentária'!C10 -> MOBILIZAÇÃO E DESMOBILIZAÇÃO | C6: Físico % | D6: =SUM(E6:G6) -> 1 | E6: 0.7 | G6: 0.3
C7: Financeiro | D7: ='Planilha Orçamentária'!H12 -> 917.23015 | E7: =E6*D7 -> 642.06111 | G7: =G6*D7 -> 275.16905
A8: 2 | B8: ='Planilha Orçamentária'!C13 -> CANTEIRO DE OBRAS | C8: Físico % | D8: =SUM(E8:G8) -> 1 | E8: =E9/$D9 -> 0.64491513 | F8: =F9/$D9 -> 0.17754243 | G8: =G9/$D9 -> 0.17754243
C9: Financeiro | D9: ='Planilha Orçamentária'!H16 -> 3811.8296 | E9: =('Planilha Orçamentária'!$H14/3)+'Planilha Orçamentária'!H15 -> 2458.3066 | F9: =('Planilha Orçamentária'!$H14/3) -> 676.7615 | G9: =('Planilha Orçamentária'!$H14/3) -> 676.7615
A10: 3 | B10: ='Planilha Orçamentária'!C17 -> SERVIÇOS PRELIMINARES | C10: Físico % | D10: =SUM(E10:G10) -> 1 | E10: =E11/D11 -> 0.4877058 | F10: =F11/D11 -> 0.5122942
C11: Financeiro | D11: ='Planilha Orçamentária'!H29 -> 1736.3878 | E11: ='Planilha Orçamentária'!H29-'Planilha Orçamentária'!H24 -> 846.8464 | F11: ='Planilha Orçamentária'!H24 -> 889.54139
A12: 4 | B12: ='Planilha Orçamentária'!C30 -> SERVIÇOS DIVERSOS | C12: Físico % | D12: =SUM(E12:G12) -> 1 | E12: =E13/$D13 -> 0.35754484 | F12: =F13/$D13 -> 0.32122758 | G12: =G13/$D13 -> 0.32122758
C13: Financeiro | D13: ='Planilha Orçamentária'!H44 -> 9620.306 | E13: =(('Planilha Orçamentária'!$H44-'Planilha Orçamentária'!$H43)/3)+'Planilha Orçamentária'!H43 -> 3439.6907 | F13: =('Planilha Orçamentária'!$H44-'Planilha Orçamentária'!$H43)/3 -> 3090.3076 | G13: =('Planilha Orçamentária'!$H44-'Planilha Orçamentária'!$H43)/3 -> 3090.3076
A14: 5 | B14: ='Planilha Orçamentária'!C45 -> ALVENARIA E REVESTIMENTOS | C14: Físico % | D14: =SUM(E14:G14) -> 1 | E14: =E15/$D15 -> 0.61215846 | F14: =F15/$D15 -> 0.19392077 | G14: =G15/$D15 -> 0.19392077
C15: Financeiro | D15: ='Planilha Orçamentária'!H51 -> 6991.9303 | E15: =('Planilha Orçamentária'!$H49/3)+('Planilha Orçamentária'!H51-'Planilha Orçamentária'!H49) -> 4280.1693 | F15: =('Planilha Orçamentária'!$H49/3) -> 1355.8805 | G15: =('Planilha Orçamentária'!$H49/3) -> 1355.8805
A16: 6 | B16: ='Planilha Orçamentária'!C52 -> REFORMA DE TELHADO | C16: Físico % | D16: =SUM(E16:G16) -> 1 | F16: =F17/D17 -> 0.5 | G16: =G17/D17 -> 0.5
C17: Financeiro | D17: ='Planilha Orçamentária'!H57 -> 1766.563 | F17: =('Planilha Orçamentária'!$H57/2) -> 883.28152 | G17: =('Planilha Orçamentária'!$H57/2) -> 883.28152
A18: 7 | B18: ='Planilha Orçamentária'!C58 -> PISO | C18: Físico % | D18: =SUM(E18:G18) -> 1 | F18: =F19/D19 -> 0.5 | G18: =G19/D19 -> 0.5
C19: Financeiro | D19: ='Planilha Orçamentária'!H62 -> 3495.4523 | F19: =('Planilha Orçamentária'!$H62/2) -> 1747.7261 | G19: =('Planilha Orçamentária'!$H62/2) -> 1747.7261
A20: 8 | B20: ='Planilha Orçamentária'!C63 -> ESQUADRIAS E GRADE | C20: Físico % | D20: =SUM(E20:G20) -> 1 | E20: =E21/D21 -> 0.48181909 | F20: =F21/D21 -> 0.48181909 | G20: =G21/D21 -> 0.036361827
C21: Financeiro | D21: ='Planilha Orçamentária'!H68 -> 26063.515 | E21: =('Planilha Orçamentária'!$H65/2)+('Planilha Orçamentária'!$H64/2) -> 12557.899 | F21: =('Planilha Orçamentária'!$H65/2)+('Planilha Orçamentária'!$H64/2) -> 12557.899 | G21: ='Planilha Orçamentária'!H66+'Planilha Orçamentária'!H67 -> 947.71701
A22: 9 | B22: ='Planilha Orçamentária'!C69 -> INSTALAÇÕES HIDROSSANITÁRIAS | C22: Físico % | D22: =SUM(E22:G22) -> 1 | G22: =G23/D23 -> 1
C23: Financeiro | D23: ='Planilha Orçamentária'!H75 -> 1125.5529 | G23: ='Planilha Orçamentária'!H75 -> 1125.5529
A24: 10 | B24: ='Planilha Orçamentária'!C76 -> INSTALAÇÕES ELÉTRICAS | C24: Físico % | D24: =SUM(E24:G24) -> 1 | E24: =E25/D25 -> 0.22408032 | G24: =G25/D25 -> 0.77591968
C25: Financeiro | D25: ='Planilha Orçamentária'!H87 -> 1756.9787 | E25: ='Planilha Orçamentária'!H84 -> 393.70436 | G25: ='Planilha Orçamentária'!H87-'Planilha Orçamentária'!H84 -> 1363.2744
A26: 11 | B26: ='Planilha Orçamentária'!C88 -> PINTURA | C26: Físico % | D26: =SUM(E26:G26) -> 1 | F26: =F27/D27 -> 0.50462984 | G26: =G27/D27 -> 0.49537016
C27: Financeiro | D27: ='Planilha Orçamentária'!H94 -> 11473.36 | F27: =(('Planilha Orçamentária'!H90+'Planilha Orçamentária'!H91+'Planilha Orçamentária'!H92+'Planilha Orçamentária'!H93)/2)+'Planilha Orçamentária'!H89 -> 5789.7999 | G27: =(('Planilha Orçamentária'!H90+'Planilha Orçamentária'!H91+'Planilha Orçamentária'!H92+'Planilha Orçamentária'!H93)/2) -> 5683.5603
A28: TOTAL | C28: Físico % | D28: 1 | E28: =E29/D29 -> 0.35804243 | F28: =F29/D29 -> 0.39254724 | G28: =G29/D29 -> 0.24941032
C29: Financeiro | D29: =D7+D9+D11+D13+D15+D17+D19+D21+D23+D25+D27 -> 68759.106 | E29: =E7+E9+E11+E13+E15+E17+E19+E21+E23+E25+E27 -> 24618.677 | F29: =F7+F9+F11+F13+F15+F17+F19+F21+F23+F25+F27 -> 26991.197 | G29: =G7+G9+G11+G13+G15+G17+G19+G21+G23+G25+G27 -> 17149.231
